 Dungeon Crawl Stone Soup version 0.21-a0-137-g951aa02 (webtiles) character file.

2185475 MackTheKnife the Conqueror (level 27, 246/246 HPs)
             Began as an Octopode Artificer on July 17, 2017.
             Was the Champion of Ru.
             Escaped with the Orb
             ... and 4 runes on July 18, 2017!
             The game lasted 05:57:04 (90922 turns).

MackTheKnife the Conqueror (Octopode Artificer)    Turns: 90922, Time: 05:57:04

Health: 246/246    AC:  5    Str: 25    XL:     27
Magic:  41/41      EV: 33    Int: 31    God:    Ru [******]
Gold:   3884       SH:  0    Dex: 25    Spells: 4/64 levels left

rFire    + . .     SeeInvis +     - Unarmed
rCold    + + .     Gourm    .   s - +0 hat of the Lotus Blossom {rElec SInv Stlth+}
rNeg     . . .     Faith    .   G - amulet of regeneration {+regen, !d}
rPois    .         Spirit   .   v - ring of the Rabble {Str+3 Int+4}
rElec    +         Reflect  .   V - ring "Forget-Me-Not" {Wiz rC+ Str+2}
rCorr    .         Harm     .   I - ring of Jaukkos {rElec rF+}
MR       ++++.     Clarity  +   S - +4 ring of protection
Stlth    +++.......             c - ring of Coar {Wiz rC+ Dex+10}
HPRegen  0.91/turn              R - ring "Nerodghu" {rElec MR+ Str+3 Int+4}
MPRegen  0.27/turn              B - ring of the Mage {Wiz MR++ Int+3}

@: very slightly contaminated, deflect missiles
A: almost no armour, stealthy swim, amphibious, 7 rings, constrict 7, beak,
tentacle spike 1, camouflage 1, clarity, deterioration 1, low mp 1, robust 1,
strong 1, gelatinous body 1, subdued magic 1, missing a hand, hated by all,
magic vulnerability 1, MP-powered wands, missing an eye
0: Orb of Zot
}: 4/15 runes: decaying, serpentine, slimy, silver
a: Draw Out Power, Power Leap, Apocalypse, Renounce Religion


You escaped.
You worshipped Ru.
Ru was exalted by your worship.
You were not hungry.

You visited 12 branches of the dungeon, and saw 58 of its levels.
You visited the Abyss 2 times.
You visited 1 bazaar.
You visited 1 ziggurat, and saw 18 of its levels.
You also visited: Desolation.

You collected 8756 gold pieces.
You spent 4872 gold pieces at shops.

Inventory:

Hand Weapons
 b - the +3 Elemental Staff {rElec rF++ rC++ MR++ AC+5}
   (You found it on level 6 of a ziggurat)

   It affects your AC (+5).
   It greatly protects you from fire.
   It greatly protects you from cold.
   It insulates you from electricity.
   It affects your resistance to hostile enchantments.
Armour
 s - the +0 hat of the Lotus Blossom (worn) {rElec SInv Stlth+}
   (You found it on level 8 of a ziggurat)

   It insulates you from electricity.
   It lets you see invisible.
   It makes you more stealthy.
Magical Staves
 a - an uncursed staff of earth
   (You found it in the Desolation of Salt)
Jewellery
 c - the ring of Coar (on tentacle) {Wiz rC+ Dex+10}
   (You took it off a deep elf archer on level 3 of the Elven Halls)

   [ring of wizardry]

   It improves your spell success rate.
   It affects your dexterity (+10).
   It protects you from cold.
 t - the ring of the Dropbear {Str+3 SInv}
   (You found it on level 8 of a ziggurat)

   [ring of strength]

   It affects your strength (+3).
   It lets you see invisible.
 v - the ring of the Rabble (left tentacle) {Str+3 Int+4}
   (You took it off a deep elf archer on level 3 of the Elven Halls)

   [ring of intelligence]

   It affects your strength (+3).
   It affects your intelligence (+4).
 B - the ring of the Mage (on tentacle) {Wiz MR++ Int+3}
   (You took it off a deep elf sorcerer on level 3 of the Elven Halls)

   [ring of wizardry]

   It improves your spell success rate.
   It affects your intelligence (+3).
   It affects your resistance to hostile enchantments.
 D - an uncursed ring of protection from fire {rF+, !d}
   (You found it on level 4 of the Lair of Beasts)
 G - an amulet of regeneration (around mantle) {+regen, !d}
   (You found it on level 5 of the Lair of Beasts)
 I - the ring of Jaukkos (on tentacle) {rElec rF+}
   (You found it in the Desolation of Salt)

   [ring of protection from fire]

   It protects you from fire.
   It insulates you from electricity.
 K - an uncursed ring of flight {+Fly, !d}
   (You took it off an imperial myrmidon in the Desolation of Salt)
 R - the ring "Nerodghu" (on tentacle) {rElec MR+ Str+3 Int+4}
   (You took it off a servant of whispers in the Desolation of Salt)

   [ring of protection from magic]

   It affects your strength (+3).
   It affects your intelligence (+4).
   It insulates you from electricity.
   It affects your resistance to hostile enchantments.
 S - a +4 ring of protection (on tentacle)
   (You found it on level 1 of the Snake Pit)
 V - the ring "Forget-Me-Not" (right tentacle) {Wiz rC+ Str+2}
   (You found it on level 15 of a ziggurat)

   [ring of wizardry]

   It improves your spell success rate.
   It affects your strength (+2).
   It protects you from cold.
Wands
 g - a wand of digging (2/24)
   (You found it on level 1 of the Vaults)
 p - a wand of digging (11/24)
   (You found it on level 2 of the Depths)
 L - a wand of clouds (6/9)
   (You found it on level 11 of the Dungeon)
Scrolls
 f - 5 scrolls of immolation {!r}
 n - 3 scrolls of amnesia
 q - 16 scrolls of identify
 w - 11 scrolls of magic mapping {!r}
 x - 5 scrolls of fear
 y - 14 scrolls of teleportation
 C - 35 scrolls of remove curse
 E - 2 scrolls of silence
 H - 7 scrolls of fog
 M - 2 scrolls of blinking {!r}
 Y - 6 scrolls of recharging
 Z - 2 scrolls of holy word {!r}
Potions
 d - a potion of might
 e - 11 potions of brilliance
 i - 8 potions of agility
 j - 29 potions of curing
 k - 13 potions of heal wounds
 o - 3 potions of invisibility
 u - 2 potions of haste
 z - a potion of cancellation
 A - 3 potions of ambrosia
 N - 2 potions of resistance
 O - 5 potions of flight
 T - 3 potions of berserk rage {!q}
 X - 6 potions of mutation {!q}
Miscellaneous
 J - a fan of gales
   (You found it on level 11 of the Dungeon)
 P - a lamp of fire
   (You found it on level 3 of the Swamp)
Comestibles
 m - 7 meat rations {@e2}
 r - 11 royal jellies
 U - 19 fruits


   Skills:
 O Level 27 Fighting
   Level 6.0 Short Blades
 - Level 18.4 Dodging
 - Level 17.0 Stealth
 + Level 23.7 Unarmed Combat
 - Level 19.1 Spellcasting
 - Level 12.3 Conjurations
 - Level 2.5 Charms
 - Level 2.4 Necromancy
 - Level 3.6 Translocations
 - Level 12.0 Transmutations
 - Level 9.1 Air Magic
 - Level 23.4 Earth Magic
 - Level 10.6 Poison Magic
 - Level 6.0 Evocations


You had 4 spell levels left.
You knew the following spells:

 Your Spells              Type           Power        Failure   Level  Hunger
a - Irradiate             Conj/Tmut      ######....   1%          5    None
b - Shatter               Erth           #######...   1%          9    ######.
c - Lehudib's Crystal Sp  Conj/Erth      #######...   1%          8    #####..
d - Petrify               Tmut/Erth      #######.     0%          4    None
e - Iron Shot             Conj/Erth      #######...   1%          6    None
f - Blink                 Tloc           N/A          1%          2    None
g - Apportation           Tloc           #####.       1%          1    None
h - Deflect Missiles      Chrm/Air       ######....   3%          6    None
r - Regeneration          Chrm/Necr      ####......   1%          3    None
x - Iskenderun's Mystic   Conj           ######..     1%          4    None
z - Statue Form           Tmut/Erth      #######..    1%          6    None
E - Olgreb's Toxic Radia  Pois           ######..     1%          4    None
S - Song of Slaying       Chrm           ####....     1%          2    None


Dungeon Overview and Level Annotations

Branches:
Dungeon (15/15)            Temple (1/1) D:6            Lair (6/6) D:9
  Swamp (4/4) Lair:3        Snake (4/4) Lair:4        Slime (5/5) Lair:6
    Orc (2/2) D:10            Elf (3/3) Orc:2        Vaults (5/5) D:13
  Crypt (3/3) Vaults:3       Tomb (0/3) Crypt:3      Depths (5/5) D:15
    Zot (5/5) Depths:5

Altars:
Ashenzari
Cheibriados
Dithmenos
Elyvilon
Fedhas
Hepliaklqana
Kikubaaqudgha
Makhleb
Nemelex Xobeh
Okawaru
Qazlal
Ru
Sif Muna
Trog
Uskayaw
Vehumet
Wu Jian
Xom
Yredelemnul
Zin
The Shining One
Beogh
Jiyva
Lugonu

Shops:
D:7 :   D:8 [   Orc:1 ([!   Orc:2 ?%:[   Elf:2 [   Vaults:2 ?   Vaults:3 (
Vaults:5 %*[:}!?(   Depths:2 %[   Depths:3 }

Portals:
Hell: Depths:1 Depths:2 Depths:3 Depths:4 Depths:5
Abyss: Depths:1 Depths:4
Pandemonium: Orc:2 Depths:3
Trove: D:10 (give 19 scrolls of identify)

Annotations:
D:1 Crazy Yiuf, Prince Ribbit
D:3 exclusion: adder
D:4 2 transporters
D:6 exclusion: howler monkey
D:8 exclusions: centaur and orc priest
D:11 exclusions: bullfrog, 2 killer bees and 2 skeletal warriors
Lair:1 exclusion: downstairs
Lair:2 exclusions: basilisk and 2 blink frogs
Swamp:3 Louise
Snake:1 exclusion: Asterion, Asterion
Slime:3 exclusions: great orb of eyes and shining eye
Slime:5 exclusion: shining eye
Orc:2 Donald
Elf:2 3 runed doors
Depths:2 exclusion: 3 statues
Zot:1 AFK


Innate Abilities, Weirdness & Mutations

You cannot wear most types of armour.
You are very stealthy in the water. (Stealth+)
You are amphibious.
You can wear up to seven rings at the same time.
You can use your tentacles to constrict seven enemies at once.
Your skin changes colour to match your surroundings (Stealth+).
Your magical capacity is low. (-10% MP)
Your rubbery body absorbs attacks. (AC +1, EV +1)
You are missing a hand.
You are hated by all.
You are slightly vulnerable to magic. (MR-)
You are missing an eye, making it more difficult to aim.
You have a beak for a mouth.
One of your tentacles bears a spike.
You possess an exceptional clarity of mind.
Your body sometimes deteriorates upon taking damage.
You are robust. (+10% HP)
Your muscles are strong. (Str +2)
Your spells are a little easier to cast, but a little less powerful.
You expend magic power (3 MP) to strengthen your wands.


Message History

You redirect Prince Ribbit's attack!
There is a stone staircase leading down here.
Crazy Yiuf closely misses you.
Crazy Yiuf hits you with a quarterstaff of chaos!
You fade into invisibility!
You are very lightly contaminated with residual magic.
You take 7 damage, and have 239/246 hp.
Crazy Yiuf says, "Wait for me!"
What are your orders? t - Shout!
Orders for allies: a - Attack new target. r - Retreat! s - Stop attacking. g - Guard the area. f - Follow me.
Anything else - Cancel.
You shout for attention!
You redirect Prince Ribbit's attack!
Crazy Yiuf completely misses you.
An ice devil comes into view.
What are your orders? t - Shout!
Orders for allies: a - Attack new target. r - Retreat! s - Stop attacking. g - Guard the area. f - Follow me.
Anything else - Cancel.
You shout for attention!
Prince Ribbit gives a loud, deep croak!
Aim: an ice devil The crystal spear hits the ice devil.
You kill the ice devil!
Health restored: 246 You now have 33/41 mp.
Prince Ribbit misses you.
Crazy Yiuf says, "Wait for me!"
Prince Ribbit closely misses you. Prince Ribbit barely misses you.
Prince Ribbit begins to cast a spell, but is stunned by your will!
What are your orders? t - Shout!
Orders for allies: a - Attack new target. r - Retreat! s - Stop attacking. g - Guard the area. f - Follow me.
Anything else - Cancel.
You shout for attention!
You flicker for a moment.
Prince Ribbit begins to cast a spell, but is stunned by your will!
Crazy Yiuf completely misses you.
Crazy Yiuf says, "You came back for me."
Crazy Yiuf shouts!
You flicker back into view.
Prince Ribbit blinks!
Crazy Yiuf says, "You found it!"
Crazy Yiuf completely misses you.
You see here a club.
Prince Ribbit blinks!
You see here a stone.
Crazy Yiuf is stunned by your will and fails to attack.
You see here a stone.
You see here a club.
Crazy Yiuf is stunned by your will and fails to attack.
Prince Ribbit begins to cast a spell, but is stunned by your will! x2
Things that are here:
2 stones; a dagger Prince Ribbit begins to cast a spell, but is stunned by your will!
Crazy Yiuf says, "Wait for me!"
MP restored: 41 The rock shatters into small pieces.
This wand has 3 charges left.
Prince Ribbit blinks!
Crazy Yiuf completely misses you.
You now have 38/41 mp.
Prince Ribbit completely misses you.
Prince Ribbit blinks!
There is a stone staircase leading up here.
Prince Ribbit begins to cast a spell, but is stunned by your will!
Crazy Yiuf is stunned by your will and fails to attack.
Crazy Yiuf says, "Get me out of this place."
Crazy Yiuf completely misses you.
Prince Ribbit begins to cast a spell, but is stunned by your will!
Crazy Yiuf barely misses you.
Prince Ribbit blinks!
Crazy Yiuf barely misses you.
You climb upwards.
There is a stone staircase leading down here.
You redirect Prince Ribbit's attack!
Crazy Yiuf hits you with a quarterstaff of chaos.
Prince Ribbit blinks!
You take 4 damage, and have 242/246 hp.
MP restored: 41 The rock shatters into small pieces.
This wand has 2 charges left.
Prince Ribbit begins to cast a spell, but is stunned by your will!
You redirect Crazy Yiuf's attack!
Crazy Yiuf hits himself with a quarterstaff of chaos!
You now have 38/41 mp.
You redirect Prince Ribbit's attack!
Prince Ribbit completely misses you.
Prince Ribbit begins to cast a spell, but is stunned by your will!
Crazy Yiuf says, "You came back for me."
Health restored: 246 Prince Ribbit begins to cast a spell, but is stunned by your will!
Prince Ribbit blinks!
MP restored: 41
There is a staircase leading out of the dungeon here.
Crazy Yiuf says, "You came back for me."
Crazy Yiuf misses you.
You have escaped!

#)......#######(....g.###...#
.....###.....F.###......##..#
..###.........(...###....#..#
.#......#######..........##.#
#.....### ###.....#...#.#
#....## ##....#...#.# #....##
##....#.....# #.....###
###g....#...#.#
.#......#######.@F...#...##.#
..###.............###....##.#
.....###.......###......##..#
#.......#######.......####.##
#####.............##### #..#
....###############..# ##.##
.....# ##.#######.# #..#
....## #..........###.##
###########..##########..#


You could see Prince Ribbit and Crazy Yiuf.

Vanquished Creatures
  the Royal Jelly (Slime:5)
  Mara (Depths:4)
  Mennas (Vaults:3)
  8 orbs of fire
  4 ancient liches
  3 juggernauts (Zig:18)
  2 pandemonium lords
  The ghost of B1inky the Octopoid Blade, a legendary OpMo of Makhleb (Vaults:5)
  Xtahua (Depths:4)
  Bai Suzhen (Swamp:3)
  A caustic shrike (Zig:6)
  the Lernaean hydra (Swamp:4)
  4 Killer Klowns
  A curse toe (Zot:5)
  13 golden dragons
  Jory (Crypt:3)
  Nikola (Elf:3)
  2 bone dragons
  2 Tzitzimimeh
  An electric golem (Zot:5)
  A Brimstone Fiend (D:7)
  A hellephant (Zig:5)
  Jorgrun (Depths:4)
  2 Ice Fiends
  Rupert (D:13)
  4 Hell Sentinels
  26 Orb Guardians (Zot:5)
  18 tentacled monstrosities
  5 liches
  34 acid blobs
  9 titans
  5 quicksilver dragons
  The ghost of tabo the Brawler, an adept TrMo of Okawaru (Swamp:4)
  A quicksilver dragon (shapeshifter) (Depths:2)
  11 sphinxes
  3 deep elf blademasters (Elf:3)
  4 deep elf master archers
  13 death cobs
  11 shadow dragons
  4 Executioners
  A tentacled starspawn (Abyss:2)
  2 ancient champions (Crypt:2)
  9 draconian monks
  4 thorn hunters
  9 tengu reavers
  A storm dragon (shapeshifter) (Vaults:5)
  9 storm dragons
  A revenant (Crypt:2)
  20 azure jellies
  An iron dragon (Vaults:5)
  26 nagarajas
  16 frost giants
  3 blood saints
  2 ghost moths (Zot:4)
  2 warmongers (Zig:17)
  13 fire giants
  7 deep elf sorcerers (Elf:3)
  6 draconian scorchers
  The ghost of nublet the Fighter, an adept VSFi of Makhleb (Swamp:4)
  4 draconian knights
  An iron dragon (shapeshifter) (Vaults:5)
  2 imperial myrmidons (Desolation)
  3 orc warlords
  4 balrugs
  19 vault wardens
  Aizul (Crypt:1)
  5 draconian shifters
  2 curse skulls (Crypt:3)
  3 cacodemons
  A ghoul (Vaults:4)
  5 reapers
  A spriggan defender (Depths:5)
  14 very ugly things
  7 draconian annihilators
  2 draconian stormcallers
  7 deep elf elementalists
  19 ironheart preservers
  A stone giant (shapeshifter) (Depths:2)
  2 bennus (Zig:2)
  7 corrupters
  5 entropy weavers
  30 stone giants
  4 lorocyprocas
  25 vampire knights
  6 deep elf demonologists
  14 black draconians
  5 black suns
  9 green draconians
  3 halazid warlocks (Desolation)
  11 white draconians
  19 spark wasps
  12 red draconians
  10 purple draconians
  14 yellow draconians
  8 deep elf annihilators
  25 ettins
  An ettin (shapeshifter) (Vaults:5)
  25 death oozes
  2 minotaurs (Depths:4)
  4 eidola
  Josephine (D:13)
  4 green deaths
  A quicksilver dragon zombie (Crypt:2)
  A merfolk impaler (Depths:1)
  9 jiangshi
  9 deep elf death magi
  5 ragged hierophants (Desolation)
  9 deep elf high priests
  14 yaktaur captains
  10 fire dragons
  19 great orbs of eyes
  3 crystal guardians
  A peacekeeper (Desolation)
  Fannar (Lair:1)
  29 naga warriors
  2 hell beasts
  4 servants of whispers (Desolation)
  5 rakshasas
  17 ice dragons
  29 vault guards
  33 hydras
  10 centaur warriors
  6 ghost crabs
  2 catoblepae
  17 anacondas
  7 spriggan air magi
  15 ogre magi
  7 death knights
  43 two-headed ogres
  A death yak (Lair:6)
  3 queen ants (shapeshifter)
  13 deep troll earth magi
  14 alligators
  7 deep troll shamans
  17 orc high priests
  A thrashing horror (Zig:5)
  24 dancing weapons
  A titan zombie (Crypt:3)
  9 vampire magi
  24 naga sharpshooters
  11 spriggan berserkers
  2 tengu warriors (Depths:4)
  13 shock serpents
  4 sun demons
  23 deep elf knights
  A storm dragon zombie (Crypt:3)
  5 soul eaters
  11 iron trolls
  8 hell knights
  3 sixfirhies
  10 salamander mystics
  4 shadow wraiths
  41 skeletal warriors
  A titan skeleton (Crypt:1)
  A fire crab (D:15)
  2 wretched stars (Abyss:2)
  A shadow demon (D:7)
  An iron giant zombie (Crypt:1)
  2 deep trolls (shapeshifter)
  4 glowing orange brains
  A storm dragon skeleton (Crypt:2)
  37 deep trolls
  4 unseen horrors
  4 flayed ghosts
  An infernal demonspawn (D:4)
  A torturous demonspawn (Zig:13)
  4 spriggan druids
  16 naga ritualists
  An orange crystal statue (Zot:5)
  2 gelid demonspawn (Orc:2)
  11 swamp dragons
  12 wizards
  An anaconda skeleton (Crypt:1)
  6 shambling mangroves
  21 deep elf archers
  An iron giant skeleton (Crypt:2)
  An obsidian statue (Zot:5)
  3 lindwurms
  15 ironbrand convokers
  10 necromancers
  21 orc knights
  12 mana vipers
  21 phantasmal warriors
  5 harpies (Vaults:4)
  An iron dragon zombie (Crypt:1)
  A wolf spider zombie (D:14)
  2 frost giant zombies
  3 sphinx skeletons
  2 fire giant zombies
  10 shining eyes
  45 ugly things
  15 orc sorcerers
  87 deep elf magi
  7 cyclopes
  A shadow dragon skeleton (Depths:1)
  6 wolf spiders
  7 oklob plants
  2 rust devils
  2 shock serpent zombies (Crypt:3)
  25 salamanders
  A cyclops (shapeshifter) (Elf:2)
  A tengu skeleton (Vaults:3)
  A manticore (D:12)
  2 fire giant skeletons
  An ice statue (Zig:7)
  3 frost giant skeletons
  31 moths of wrath
  2 centaur zombies
  Maurice (D:9)
  2 stone giant skeletons
  49 black mambas
  2 molten gargoyles (Desolation)
  21 vault sentinels
  16 elephants
  16 guardian serpents
  32 naga magi
  20 trolls
  2 black mambas (shapeshifter)
  5 orange demons
  A spiny frog (shapeshifter) (Vaults:4)
  6 gargoyles
  3 eyes of devastation (Zig:15)
  45 spiny frogs
  A kobold demonologist (D:12)
  3 torpor snails
  A dire elephant zombie (Crypt:3)
  A smoke demon (Abyss:2)
  A torpor snail (shapeshifter) (Depths:2)
  5 centaur skeletons
  A yaktaur zombie (Depths:1)
  3 hellions
  An emperor scorpion zombie (Abyss:2)
  2 rime drakes (Lair:5)
  5 guardian mummies
  A catoblepas zombie (Crypt:1)
  5 efreet
  A ghost moth simulacrum (Crypt:1)
  A komodo dragon (shapeshifter) (D:15)
  3 spriggan zombies
  3 tormentors
  13 komodo dragons
  10 hellwings
  53 yaktaurs
  An ancient zyme (Abyss:2)
  7 ice devils
  3 yaktaur skeletons
  14 freezing wraiths
  A merfolk (shapeshifter) (Depths:2)
  6 tengu conjurers
  3 red devils
  10 tyrant leeches
  A troll (shapeshifter) (Depths:3)
  A grey draconian skeleton (Crypt:3)
  2 meliai (shapeshifter)
  38 saltlings (Desolation)
  28 hornets
  A hornet (shapeshifter) (Depths:3)
  6 bog bodies
  A polar bear (Lair:5)
  13 dream sheep
  8 raiju
  An ice dragon zombie (Depths:1)
  A blink frog (shapeshifter) (Vaults:2)
  A guardian serpent zombie (Crypt:1)
  47 blink frogs
  An ettin zombie (Crypt:2)
  A stone giant simulacrum (Vaults:3)
  A hippogriff (shapeshifter) (Depths:5)
  97 slime creatures
  8 hippogriffs
  A fire dragon zombie (Depths:1)
  A death drake skeleton (Crypt:1)
  4 flying skulls (Crypt:2)
  A tarantella (Vaults:2)
  10 spriggans
  34 yaks
  5 shadows
  10 air elementals
  3 wyverns
  8 water elementals
  A vampire (Abyss:2)
  3 ynoxinuls
  19 wraiths
  9 redbacks
  4 fire elementals
  9 basilisks
  5 small abominations
  A basilisk (shapeshifter) (Vaults:4)
  2 neqoxecs
  A hungry ghost (D:8)
  20 golden eyes
  40 vampire mosquitoes
  3 chaos spawn
  A steam dragon (D:12)
  82 nagas
  2 yaktaur simulacra
  A redback simulacrum (D:13)
  15 swamp worms
  8 wargs
  3 acid dragons
  A deep troll zombie (Crypt:1)
  15 large abominations
  A spiny frog zombie (Crypt:3)
  A faun zombie (Crypt:3)
  30 water moccasins
  A floating eye (Depths:3)
  11 porcupines
  10 swamp drakes
  A big kobold (D:9)
  A spiny frog skeleton (Crypt:3)
  A sky beast (D:10)
  A necrophage (D:5)
  A swamp dragon zombie (Crypt:3)
  2 ice beasts
  67 orc warriors
  A phantom (D:14)
  A black bear (shapeshifter) (D:15)
  3 black bears
  9 eyes of draining
  An eye of draining (shapeshifter) (Vaults:2)
  47 ogres
  11 wolves
  15 boggarts
  8 centaurs
  A snapping turtle skeleton (Crypt:3)
  A draconian zombie (Crypt:3)
  15 crocodiles
  2 human zombies
  A fire crab zombie (Crypt:1)
  33 bullfrogs
  Blork the orc (Orc:1)
  6 human skeletons
  An elf skeleton (Crypt:1)
  A spiny frog simulacrum (Crypt:2)
  6 earth elementals
  A gnoll sergeant (Orc:1)
  A wyvern zombie (D:13)
  A glowing shapeshifter simulacrum (Vaults:3)
  3 scorpions
  7 killer bees
  An electric eel (Lair:4)
  A polar bear skeleton (Crypt:1)
  4 crimson imps
  A bullfrog zombie (D:9)
  4 human simulacra
  25 orc priests
  6 hounds
  9 starcursed masses (Abyss:2)
  2 jellies
  A quasit (D:11)
  2 bullfrog skeletons
  A porcupine zombie (Crypt:2)
  7 hell rats (Lair:4)
  8 iguanas
  35 orc wizards
  13 worker ants
  A lightning spire (Zig:8)
  An ogre zombie (Crypt:2)
  A demigod skeleton (Crypt:3)
  7 mummies
  A worker ant zombie (D:10)
  4 gnolls (Orc:2)
  A howler monkey skeleton (D:5)
  8 adders
  6 shadow imps
  5 white imps
  An ufetubus (Abyss:2)
  An ooze (D:1)
  2 worm zombies (Crypt:2)
  2 adder skeletons
  An iguana skeleton (Crypt:2)
  11 dart slugs
  5 leopard geckos
  123 orcs
  2 ball pythons
  4 bats
  8 giant cockroaches
  6 goblins
  16 hobgoblins
  6 jackals
  4 quokkas
  A ball python zombie (Crypt:2)
  6 frilled lizards
  A hobgoblin zombie (Crypt:1)
  2 jackal skeletons
  16 kobolds
  2 leopard gecko skeletons
  A leopard gecko zombie (Crypt:2)
  2 quokka skeletons
  9 rats
  A river rat skeleton (Crypt:3)
  8 briar patches (Zig:8)
  3 fire vortices (Depths:2)
  3 plants (Zig:15)
3390 creatures vanquished.

Vanquished Creatures (collateral kills)
  An ugly thing (D:15)
  3 yaks (D:10)
  An ogre (D:9)
  A scorpion (D:9)
  An orc priest (D:10)
  An adder skeleton (D:10)
  8 orcs
  A kobold (D:9)
17 creatures vanquished.

Vanquished Creatures (others)
  A golden dragon (Zot:4)
  A nagaraja (Zig:14)
  An azure jelly (Slime:5)
  A draconian annihilator (Zot:3)
  A stone giant (Depths:2)
  2 ettins
  2 death oozes
  A great orb of eyes (Slime:5)
  A vault guard (Vaults:3)
  A servant of whispers (Desolation)
  5 hydras
  An anaconda (Snake:1)
  2 two-headed ogres
  A thrashing horror (Abyss:2)
  2 naga sharpshooters
  A deep elf knight (Elf:1)
  A hell knight (Depths:5)
  A flayed ghost (Depths:3)
  A deep troll (Zot:3)
  2 deep elf archers
  2 deep elf magi
  An ironbrand convoker (Vaults:1)
  A black mamba (Snake:3)
  5 moths of wrath
  2 naga magi (Snake:4)
  A centaur zombie (D:10)
  A salamander (Snake:4)
  A komodo dragon (D:9)
  An ancient zyme (Abyss:2)
  A troll (Zot:3)
  A hornet (Swamp:1)
  2 slime creatures
  2 blink frogs (Swamp:2)
  A redback (Vaults:3)
  A water elemental (Elf:2)
  3 yaks
  2 swamp worms
  A black bear (D:9)
  3 ogres
  5 orc warriors
  A swamp drake (D:9)
  2 orc wizards
  A worker ant (shapeshifter) (Vaults:5)
  An orc (D:10)
  A kobold (D:9)
  5 fulminant prisms
  49 fungi
  A pillar of salt (Vaults:1)
  95 plants
  2 starspawn tentacles (Abyss:2)
  8 toadstools (Lair:5)
  A withered plant (D:15)
233 creatures vanquished.

Grand Total: 3640 creatures vanquished

Notes
Turn   | Place    | Note
-------+----------+-------------------------------------------
     0 | D:1      | MackTheKnife the Octopode Artificer began the quest for the Orb.
     0 | D:1      | Reached XP level 1. HP: 13/13 MP: 3/3
   128 | D:1      | Reached skill level 2 in Stealth
   168 | D:1      | Reached XP level 2. HP: 18/18 MP: 4/4
   509 | D:1      | Reached skill level 2 in Fighting
   731 | D:1      | Reached skill level 3 in Stealth
   731 | D:1      | Reached XP level 3. HP: 16/24 MP: 5/5
  1623 | D:2      | Reached XP level 4. HP: 30/30 MP: 6/6
  1646 | D:2      | Found an iron altar of Okawaru.
  2231 | D:2      | Reached skill level 4 in Stealth
  2323 | D:3      | Reached skill level 3 in Fighting
  2639 | D:3      | Found a stormy altar of Qazlal.
  2921 | D:2      | Reached XP level 5. HP: 32/36 MP: 7/7
  3142 | D:3      | Reached skill level 5 in Stealth
  3520 | D:4      | Noticed a wyvern
  3523 | D:4      | Found a shattered altar of Ashenzari.
  3525 | D:4      | Noticed a centaur
  3768 | D:4      | Found a transporter.
  3769 | D:4      | Found a transporter.
  3870 | D:4      | Reached skill level 6 in Stealth
  4268 | D:4      | Reached XP level 6. HP: 31/42 MP: 8/8
  4597 | D:5      | Entered Level 5 of the Dungeon
  4610 | D:5      | Reached skill level 7 in Stealth
  4709 | D:5      | Found Tolop's Food Boutique.
  4925 | D:5      | Noticed Prince Ribbit
  5333 | D:5      | Reached skill level 8 in Stealth
  5370 | D:5      | Noticed a necrophage
  5393 | D:5      | Killed a necrophage
  5393 | D:5      | Reached skill level 4 in Fighting
  5393 | D:5      | Reached XP level 7. HP: 37/46 MP: 9/9
  5767 | D:5      | Found a runed door.
  5923 | D:6      | Reached skill level 3 in Dodging
  5944 | D:6      | Reached skill level 5 in Fighting
  5998 | D:6      | Found a staircase to the Ecumenical Temple.
  6003 | Temple   | Entered the Ecumenical Temple
  6187 | D:6      | Reached skill level 4 in Dodging
  6202 | D:6      | Reached XP level 8. HP: 50/54 MP: 10/10
  6455 | D:7      | Found a sacrificial altar of Ru.
  6474 | D:7      | Became a worshipper of Ru the Awakened
  6709 | D:7      | Reached skill level 6 in Fighting
  6712 | D:7      | Noticed a spriggan baker
  6910 | D:7      | Found Koygiat's Book Boutique.
  6919 | D:7      | Reached skill level 5 in Dodging
  7050 | D:8      | Learned a level 1 spell: Magic Dart
  7081 | D:8      | Reached skill level 1 in Spellcasting
  7081 | D:8      | Reached skill level 1 in Conjurations
  7178 | D:8      | Learned a level 4 spell: Iskenderun's Mystic Blast
  7216 | D:8      | Reached skill level 2 in Spellcasting
  7216 | D:8      | Reached skill level 2 in Conjurations
  7250 | D:8      | Found Qem Yvuz's Armour Emporium.
  7489 | D:8      | Found a snail-covered altar of Cheibriados.
  7491 | D:8      | Found a glowing silver altar of Zin.
  7491 | D:8      | Found a shadowy altar of Dithmenos.
  7537 | D:8      | Reached skill level 3 in Conjurations
  7553 | D:8      | Gained mutation: Your magical capacity is low. (-10% MP) [Ru sacrifice]
  7833 | D:9      | Reached skill level 3 in Spellcasting
  7846 | D:9      | Reached XP level 9. HP: 51/60 MP: 12/12
  8000 | D:9      | Found a hide-covered altar of Uskayaw.
  8023 | D:9      | Reached skill level 4 in Conjurations
  8118 | D:9      | HP: 12/60 [basilisk (6)]
  8429 | D:9      | Found a blossoming altar of Fedhas.
  8474 | D:9      | Reached skill level 4 in Spellcasting
  8557 | D:9      | Noticed a troll
  8584 | D:9      | Found an ancient bone altar of Kikubaaqudgha.
  8646 | D:9      | Found a radiant altar of Vehumet.
  8659 | D:9      | Found a deep blue altar of Sif Muna.
  8689 | D:9      | Identified Sif Muna's Incunabulum of the Escort
  8813 | D:9      | Learned a level 1 spell: Summon Small Mammal
  9063 | D:9      | Noticed Maurice
  9362 | D:9      | Killed Maurice
  9374 | D:10     | Entered Level 10 of the Dungeon
  9420 | D:10     | Noticed a troll
  9437 | D:10     | Killed a troll
  9437 | D:10     | Reached skill level 7 in Fighting
  9437 | D:10     | Reached skill level 6 in Dodging
  9856 | D:9      | HP: 14/64 [killer bee (8)]
  9968 | D:9      | Reached XP level 10. HP: 51/72 MP: 15/15
 10130 | D:9      | Reached skill level 7 in Dodging
 10136 | D:9      | Learned a level 4 spell: Fulminant Prism
 10218 | D:10     | Reached skill level 8 in Fighting
 10234 | D:10     | HP: 15/72 [killer bee (10)]
 10241 | D:10     | HP: 13/72 [poisoned by a killer bee]
 10246 | D:10     | HP: 12/72 [poisoned by a killer bee]
 10254 | D:10     | HP: 11/72 [poisoned by a killer bee]
 10633 | D:10     | Found a portal to a secret trove of treasure.
 10825 | D:10     | Noticed an orc knight
 11321 | D:10     | Reached skill level 8 in Dodging
 11482 | D:10     | Reached skill level 5 in Conjurations
 11872 | D:10     | Reached skill level 5 in Spellcasting
 11978 | D:10     | Reached skill level 6 in Conjurations
 12127 | D:10     | Killed an orc knight
 12128 | D:10     | Found a roughly hewn altar of Beogh.
 12243 | D:10     | Found a staircase to the Orcish Mines.
 12264 | D:10     | Reached skill level 6 in Spellcasting
 12359 | D:10     | Gained mutation: You are missing an eye, making it more difficult to aim. [Ru sacrifice]
 12359 | D:10     | Reached * piety under Ru
 12838 | D:11     | Noticed a skeletal warrior
 13047 | D:11     | Noticed a skeletal warrior
 13047 | D:11     | Noticed a skeletal warrior
 13527 | D:9      | Found a staircase to the Lair.
 13578 | D:9      | Reached skill level 7 in Conjurations
 13578 | D:9      | Reached XP level 11. HP: 78/78 MP: 18/18
 13783 | Lair:1   | Entered Level 1 of the Lair of Beasts
 14136 | Lair:2   | Reached skill level 2 in Short Blades
 14308 | Lair:2   | Gained mutation: You are hated by all. [Ru sacrifice]
 14308 | Lair:2   | Reached ** piety under Ru
 14308 | Lair:2   | Reached *** piety under Ru
 14705 | Lair:2   | Reached skill level 9 in Stealth
 14810 | Lair:2   | Found a burning altar of Makhleb.
 14826 | Lair:2   | Reached skill level 3 in Short Blades
 14833 | Lair:2   | HP: 5/78 [spiny frog (24)]
 15351 | Lair:2   | Noticed a six-headed hydra
 15479 | Lair:3   | Reached skill level 4 in Short Blades
 15542 | Lair:3   | Reached skill level 10 in Stealth
 15870 | Lair:3   | Found a staircase to the Swamp.
 15873 | Lair:3   | Noticed a lindwurm
 15883 | Lair:3   | Killed a lindwurm
 16102 | Lair:3   | Reached skill level 5 in Short Blades
 16373 | Lair:3   | Reached skill level 11 in Stealth
 17291 | Lair:3   | Noticed a seven-headed hydra
 17314 | Lair:3   | Reached skill level 6 in Short Blades
 17694 | Lair:1   | Reached skill level 7 in Spellcasting
 17694 | Lair:1   | Reached XP level 12. HP: 48/84 MP: 3/20
 17903 | Lair:1   | Reached skill level 8 in Conjurations
 17988 | Lair:1   | Noticed Fannar
 18000 | Lair:1   | Killed Fannar
 18073 | Lair:1   | Upgraded the game from 0.21-a0-135-g8dc100c to 0.21-a0-137-g951aa02
 18370 | D:7      | Bought a Young Poisoner's Handbook for 480 gold pieces
 18374 | D:7      | Learned a level 3 spell: Mephitic Cloud
 18380 | D:7      | Learned a level 5 spell: Venom Bolt
 18385 | D:7      | Learned a level 4 spell: Olgreb's Toxic Radiance
 18865 | Lair:3   | Reached skill level 1 in Poison Magic
 18920 | Lair:3   | Reached skill level 2 in Poison Magic
 18983 | Lair:3   | Reached skill level 3 in Poison Magic
 19383 | Lair:3   | Reached skill level 4 in Poison Magic
 19655 | Lair:4   | Gained mutation: Your body sometimes deteriorates upon taking damage. [potion of mutation]
 19655 | Lair:4   | Gained mutation: You are dopey. (Int -2) [potion of mutation]
 19655 | Lair:4   | Gained mutation: Your system is resistant to poisons. (rPois) [potion of mutation]
 19656 | Lair:4   | Lost mutation: Your system is resistant to poisons. (rPois) [potion of mutation]
 19656 | Lair:4   | Lost mutation: Your body sometimes deteriorates upon taking damage. [potion of mutation]
 19656 | Lair:4   | Lost mutation: You are dopey. (Int -2) [potion of mutation]
 19656 | Lair:4   | Gained mutation: You tend to lose your temper in combat. [potion of mutation]
 19656 | Lair:4   | Gained mutation: One of your tentacles bears a spike. [potion of mutation]
 19725 | Lair:4   | Reached skill level 5 in Poison Magic
 19740 | Lair:4   | Reached skill level 6 in Poison Magic
 20283 | Lair:4   | Reached skill level 7 in Poison Magic
 20373 | Lair:3   | Noticed a four-headed hydra
 20586 | Lair:4   | Reached skill level 8 in Poison Magic
 20649 | Lair:4   | Found a staircase to the Snake Pit.
 20722 | Lair:4   | Noticed a catoblepas
 20835 | Snake:1  | Entered Level 1 of the Snake Pit
 21071 | Lair:4   | Reached skill level 9 in Conjurations
 21266 | Lair:4   | Reached skill level 9 in Poison Magic
 21505 | Lair:3   | Reached XP level 13. HP: 64/89 MP: 6/22
 21755 | Lair:4   | HP: 22/89 [poisoned by a black mamba]
 21760 | Lair:4   | HP: 17/89 [poisoned by a black mamba]
 21765 | Lair:4   | HP: 13/89 [poisoned by a black mamba]
 21771 | Lair:4   | HP: 11/89 [poisoned by a black mamba]
 21778 | Lair:4   | HP: 9/89 [poisoned by a black mamba]
 21785 | Lair:4   | HP: 9/89 [poisoned by a black mamba]
 21793 | Lair:4   | HP: 9/89 [poisoned by a black mamba]
 22169 | Lair:4   | Reached skill level 10 in Poison Magic
 22367 | Lair:4   | Reached skill level 10 in Conjurations
 23309 | Lair:5   | Reached skill level 8 in Spellcasting
 23519 | Lair:4   | HP: 20/89 [black mamba (7)]
 23526 | Lair:4   | HP: 7/89 [black mamba (16)]
 24887 | Lair:1   | Reached skill level 11 in Conjurations
 25106 | Orc:1    | Entered Level 1 of the Orcish Mines
 25422 | Orc:1    | Found Zoism's Antique Weapon Emporium.
 25527 | Orc:2    | Entered Level 2 of the Orcish Mines
 25527 | Orc:2    | Found a roughly hewn altar of Beogh.
 25531 | Orc:2    | Noticed Donald
 25783 | D:12     | Reached skill level 9 in Spellcasting
 26723 | D:13     | Noticed Rupert
 26959 | D:13     | Gained mutation: You are slightly vulnerable to magic. (MR-) [Ru sacrifice]
 26959 | D:13     | Reached **** piety under Ru
 27703 | Lair:4   | Reached XP level 14. HP: 69/95 MP: 13/24
 28227 | Lair:5   | Found a runed door.
 28236 | Lair:5   | Reached skill level 12 in Conjurations
 28239 | Lair:5   | Reached skill level 10 in Spellcasting
 28957 | Lair:6   | Entered Level 6 of the Lair of Beasts
 29047 | Lair:5   | Reached skill level 4 in Evocations
 29604 | Lair:3   | Reached skill level 5 in Evocations
 30060 | D:9      | Reached skill level 6 in Evocations
 30120 | D:7      | Bought a book of the Earth for 780 gold pieces
 30127 | D:7      | Learned a level 6 spell: Iron Shot
 30348 | D:13     | Reached skill level 1 in Earth Magic
 30362 | D:13     | Noticed Josephine
 30436 | D:13     | Killed Josephine
 30436 | D:13     | Reached skill level 2 in Earth Magic
 30636 | D:13     | Reached skill level 3 in Earth Magic
 31196 | D:13     | Reached skill level 4 in Earth Magic
 31198 | D:13     | Gained mutation: You are missing a hand. [Ru sacrifice]
 31198 | D:13     | Reached ***** piety under Ru
 31198 | D:13     | Reached ****** piety under Ru
 31332 | D:13     | Learned a level 4 spell: Leda's Liquefaction
 31590 | D:13     | Reached skill level 5 in Earth Magic
 32342 | Lair:6   | Reached skill level 6 in Earth Magic
 32547 | Lair:6   | Learned a level 5 spell: Irradiate
 32738 | Lair:5   | Reached skill level 7 in Earth Magic
 33038 | Lair:6   | HP: 21/95 [spiny frog (24)]
 33413 | Lair:6   | Reached skill level 8 in Earth Magic
 33643 | Lair:6   | Reached XP level 15. HP: 100/100 MP: 26/26
 33652 | Lair:6   | Learned a level 6 spell: Statue Form
 33717 | Lair:6   | Reached skill level 1 in Transmutations
 33740 | Lair:6   | Reached skill level 2 in Transmutations
 33740 | Lair:6   | Reached skill level 9 in Earth Magic
 34224 | Lair:6   | Reached skill level 3 in Transmutations
 35026 | Lair:6   | Identified Surritec's Reference Book on Harmful Sinister Arts
 35112 | Lair:6   | Reached skill level 4 in Transmutations
 35574 | D:5      | Bought a bread ration for 65 gold pieces
 35574 | D:5      | Bought a bread ration for 65 gold pieces
 35574 | D:5      | Bought a bread ration for 65 gold pieces
 35574 | D:5      | Bought a bread ration for 65 gold pieces
 36136 | Orc:2    | Found a staircase to the Elven Halls.
 36144 | Orc:1    | Found Wallim's Distillery.
 36144 | Orc:1    | Found Ymelueti's Antique Armour Shop.
 36165 | Orc:1    | Bought a runed hat for 168 gold pieces
 36373 | Orc:1    | Noticed Blork the orc
 36378 | Orc:1    | Killed Blork the orc
 36383 | Orc:1    | Reached skill level 10 in Earth Magic
 36827 | Orc:2    | Found Tamanul's Magic Scroll Shop.
 36917 | Orc:2    | Reached skill level 5 in Transmutations
 36978 | Orc:2    | Found Tuelyext's Food Boutique.
 37143 | Orc:2    | Bought a scroll of fear for 38 gold pieces
 37268 | Orc:2    | HP: 14/100 [orc priest/divine providence (13)]
 37273 | Orc:2    | HP: 15/100 [poisoned by an orc priest]
 37281 | Orc:1    | HP: 19/100 [poisoned by an orc priest]
 37944 | Orc:2    | Reached skill level 6 in Transmutations
 38107 | Orc:2    | Found Idehes's Antique Armour Emporium.
 38107 | Orc:2    | Found Laeg's Book Shoppe.
 38115 | Orc:2    | Reached skill level 9 in Fighting
 38116 | Orc:2    | Found a one-way gate leading to the halls of Pandemonium.
 38282 | Orc:1    | Bought a potion of curing for 48 gold pieces
 38337 | Orc:2    | HP: 19/101 [orc knight/bolt (33)]
 39356 | D:14     | Reached skill level 9 in Dodging
 39623 | D:15     | Entered Level 15 of the Dungeon
 39768 | D:15     | Found a staircase to the Depths.
 39807 | D:15     | Reached XP level 16. HP: 87/109 MP: 12/27
 40161 | D:15     | p0werm0de: unarmed
 40161 | D:15     | MackTheKnife: Im thinking getting statueform up, then getting M&F and fighting up?
 40161 | D:15     | p0werm0de: go unarmed with statue
 40161 | D:15     | MackTheKnife: aright :)
 40161 | D:15     | MackTheKnife: not used to these weird characters
 40161 | D:15     | p0werm0de: it does more dmg
 40161 | D:15     | p0werm0de: than with wpn
 40161 | D:15     | MackTheKnife: ah, solid
 40161 | D:15     | MackTheKnife: cheers
 40184 | D:15     | p0werm0de: yea and otherwise get stuff like necro / transloc
 40184 | D:15     | p0werm0de: death channel, passage, blink
 40184 | D:15     | p0werm0de: animate dead
 40184 | D:15     | p0werm0de: control undead
 40184 | D:15     | p0werm0de: all good
 40184 | D:15     | MackTheKnife: Loveless :x
 40184 | D:15     | p0werm0de: ;P
 40212 | D:14     | p0werm0de: what did ya sac?
 40283 | D:15     | p0werm0de: oh no food
 40283 | D:15     | p0werm0de: ah k
 40283 | D:15     | MackTheKnife: yeah this game has been absolutely terrible
 40283 | D:15     | p0werm0de: hand is tough no shield
 40283 | D:15     | MackTheKnife: got a shield on D2 or so
 40283 | D:15     | MackTheKnife: oh wiat
 40283 | D:15     | p0werm0de: cant use
 40283 | D:15     | MackTheKnife: cant I use a shield?
 40283 | D:15     | MackTheKnife: nOooo
 40283 | D:15     | MackTheKnife: but I have 7 arms!
 40283 | D:15     | p0werm0de: ;P
 40283 | D:15     | p0werm0de: yep
 40294 | D:15     | p0werm0de: well ru is strong youll win
 40295 | D:15     | p0werm0de: with statue up
 40307 | D:15     | p0werm0de: just watch out with the speed, and shatter/lees
 40329 | D:14     | MackTheKnife: will do!
 40571 | D:14     | Reached skill level 11 in Earth Magic
 40936 | D:14     | Reached skill level 7 in Transmutations
 41265 | D:15     | Gained mutation: You are occasionally teleported next to monsters. [mutagenic meat]
 41282 | D:14     | Lost mutation: You tend to lose your temper in combat. [potion of mutation]
 41282 | D:14     | Lost mutation: One of your tentacles bears a spike. [potion of mutation]
 41282 | D:14     | Gained mutation: Your spells are a little harder to cast, but a little more powerful. [potion of mutation]
 41282 | D:14     | Gained mutation: You are robust. (+10% HP) [potion of mutation]
 41282 | D:14     | Gained mutation: You are partially covered in thin metallic scales. (AC +2) [potion of mutation]
 41472 | Orc:2    | Bought a meat ration for 70 gold pieces
 41472 | Orc:2    | Bought a meat ration for 70 gold pieces
 41472 | Orc:2    | Bought a bread ration for 70 gold pieces
 41481 | Orc:2    | Reached skill level 8 in Transmutations
 41519 | Orc:1    | Bought a potion of mutation for 128 gold pieces
 41519 | Orc:1    | Lost mutation: Your spells are a little harder to cast, but a little more powerful. [potion of mutation]
 41519 | Orc:1    | Lost mutation: You are partially covered in thin metallic scales. (AC +2) [potion of mutation]
 41519 | Orc:1    | Gained mutation: Your body sometimes deteriorates upon taking damage. [potion of mutation]
 41519 | Orc:1    | Lost mutation: You are robust. (+10% HP) [potion of mutation]
 41519 | Orc:1    | Gained mutation: One of your tentacles bears a spike. [potion of mutation]
 41864 | D:15     | HP: 22/109 [spriggan berserker zombie (11)]
 42390 | Swamp:1  | Entered Level 1 of the Swamp
 42490 | Swamp:1  | Reached skill level 10 in Fighting
 42672 | Swamp:1  | Reached skill level 9 in Transmutations
 43192 | Swamp:1  | Reached skill level 1 in Unarmed Combat
 43284 | Swamp:2  | Reached skill level 2 in Unarmed Combat
 43322 | Swamp:2  | Got a translucent long sword
 43335 | Swamp:2  | Reached skill level 3 in Unarmed Combat
 43441 | Swamp:2  | Reached skill level 4 in Unarmed Combat
 43539 | Swamp:2  | Reached skill level 5 in Unarmed Combat
 43570 | Swamp:2  | Noticed a thorn hunter
 43956 | Swamp:2  | Killed a thorn hunter
 43956 | Swamp:2  | Reached skill level 6 in Unarmed Combat
 44341 | Swamp:3  | Noticed Louise
 44409 | Swamp:3  | Reached skill level 7 in Unarmed Combat
 44459 | Swamp:3  | Reached XP level 17. HP: 99/115 MP: 28/28
 44502 | Swamp:3  | Noticed Bai Suzhen
 44577 | Swamp:3  | Lost mutation: You are occasionally teleported next to monsters. [potion of mutation]
 44577 | Swamp:3  | Lost mutation: Your body sometimes deteriorates upon taking damage. [potion of mutation]
 44577 | Swamp:3  | Lost mutation: One of your tentacles bears a spike. [potion of mutation]
 44577 | Swamp:3  | Gained mutation: You are somewhat resistant to further mutation. [potion of mutation]
 44645 | Swamp:3  | Reached skill level 8 in Unarmed Combat
 44684 | Swamp:3  | Cast into level 3 of the Abyss (Louise)
 44710 | Swamp:3  | Escaped the Abyss
 44772 | Swamp:4  | Entered Level 4 of the Swamp
 44949 | Swamp:4  | Noticed tabo's ghost (adept TrMo)
 45121 | Swamp:4  | Reached skill level 9 in Unarmed Combat
 45286 | Swamp:4  | Noticed nublet's ghost (adept VSFi)
 45556 | Lair:6   | Reached skill level 10 in Unarmed Combat
 45596 | Lair:6   | Found a runed door.
 45630 | Lair:6   | Found a viscous altar of Jiyva.
 45918 | Snake:1  | Noticed Asterion
 46119 | Snake:1  | Reached skill level 11 in Unarmed Combat
 46323 | Snake:1  | p0werm0de: octopode crusher ;P
 46335 | Snake:1  | Reached skill level 11 in Fighting
 46344 | Snake:1  | MackTheKnife: :D
 46344 | Snake:1  | MackTheKnife: those were fun
 46344 | Snake:1  | p0werm0de: ye
 47730 | Snake:2  | Learned a level 1 spell: Apportation
 48208 | Snake:2  | Reached skill level 12 in Unarmed Combat
 48343 | Snake:2  | Reached XP level 18. HP: 126/126 MP: 29/29
 48519 | Snake:2  | Reached skill level 12 in Fighting
 48605 | Snake:3  | Reached skill level 10 in Dodging
 48767 | Snake:3  | Found a snail-covered altar of Cheibriados.
 49119 | Snake:3  | Reached skill level 11 in Dodging
 49252 | Snake:3  | Reached skill level 13 in Fighting
 49785 | Snake:4  | Entered Level 4 of the Snake Pit
 50609 | Snake:4  | Reached skill level 12 in Dodging
 50677 | Snake:4  | Reached skill level 14 in Fighting
 51287 | Snake:4  | Reached XP level 19. HP: 137/137 MP: 30/30
 51565 | Snake:4  | Reached skill level 15 in Fighting
 51748 | Snake:4  | Got a serpentine rune of Zot
 52130 | Swamp:3  | Killed Bai Suzhen
 52285 | Swamp:4  | Got a polished dagger {pierce}
 52309 | Swamp:4  | Killed tabo's ghost
 52536 | Swamp:4  | Killed nublet's ghost
 52949 | Swamp:4  | Reached skill level 16 in Fighting
 53285 | Swamp:4  | Noticed the 27-headed Lernaean hydra
 53607 | Swamp:4  | p0werm0de: ;PP
 53610 | Swamp:4  | p0werm0de: apocalypse it!!
 53610 | Swamp:4  | MackTheKnife: hmm yea
 53620 | Swamp:4  | HP: 35/185 [bog body] (34)]
 53620 | Swamp:4  | HP: 7/185 [bog body/bolt of cold (28)]
 53621 | Swamp:4  | p0werm0de: ;P
 53621 | Swamp:4  | MackTheKnife: interesting damage.
 53621 | Swamp:4  | p0werm0de: draw out power
 54204 | D:13     | Found a gate to the Vaults.
 54303 | Vaults:1 | Entered Level 1 of the Vaults
 54725 | Vaults:1 | Found a ruined gateway.
 54734 | Desolati | Entered the Desolation of Salt
 54773 | Desolati | Reached skill level 17 in Fighting
 54834 | Desolati | Got a clouded silver amulet
 54835 | Desolati | Identified the amulet "Rocwituv" {Inacc rPois} (You found it in the Desolation of Salt)
 54843 | Desolati | Identified the Tome of Hurtful Contamination
 55103 | Desolati | beem: I am beem. For help, type: !beem
 55508 | Desolati | Identified the Reference Book on Stones and the Birds
 55513 | Desolati | Got a brightly glowing golden ring
 55514 | Desolati | Identified the ring of Jaukkos {rElec rF+} (You found it in the Desolation of Salt)
 55557 | Desolati | Reached XP level 20. HP: 153/153 MP: 24/31
 55629 | Desolati | Got a fine wooden ring
 55630 | Desolati | Identified the ring "Nerodghu" {rElec MR+ Str+3 Int+4} (You took it off a servant of whispers in the Desolation of Salt)
 55689 | Desolati | Reached skill level 18 in Fighting
 55703 | Desolati | Identified the Incunabulum of Activism
 55707 | Desolati | Identified the Almanac of Ignition and Execration
 55714 | Desolati | Got a crystal trident
 55720 | Desolati | Learned a level 3 spell: Regeneration
 56846 | Vaults:1 | Reached skill level 19 in Fighting
 57574 | Vaults:2 | Found Byagg's Magic Scroll Shop.
 57621 | Vaults:2 | Bought a scroll of teleportation for 42 gold pieces
 57621 | Vaults:2 | Bought a scroll of magic mapping for 49 gold pieces
 57621 | Vaults:2 | Bought a scroll of identify for 28 gold pieces
 57779 | Vaults:2 | Reached skill level 13 in Dodging
 58044 | Vaults:2 | Reached skill level 13 in Unarmed Combat
 58159 | Vaults:2 | Reached XP level 21. HP: 79/162 MP: 24/32
 58166 | Vaults:2 | HP: 47/210 [vault sentinel simulacrum (22)]
 59179 | Vaults:3 | Reached skill level 14 in Dodging
 59214 | Vaults:3 | Reached skill level 14 in Unarmed Combat
 59733 | Vaults:3 | Found a staircase to the Crypt.
 60463 | Vaults:3 | Gained mutation: You do not regenerate when monsters are visible. [a shining eye]
 60493 | Vaults:2 | Lost mutation: You are somewhat resistant to further mutation. [potion of mutation]
 60493 | Vaults:2 | Lost mutation: You do not regenerate when monsters are visible. [potion of mutation]
 60493 | Vaults:2 | Gained mutation: You possess an exceptional clarity of mind. [potion of mutation]
 60493 | Vaults:2 | Gained mutation: Your spells are a little harder to cast, but a little more powerful. [potion of mutation]
 60641 | Vaults:3 | Reached skill level 15 in Dodging
 60685 | Vaults:3 | Reached skill level 15 in Unarmed Combat
 60891 | Vaults:3 | Got an ancient scimitar
 61000 | Vaults:3 | Noticed Mennas
 61058 | Vaults:3 | Killed Mennas
 61058 | Vaults:3 | Reached skill level 16 in Unarmed Combat
 61058 | Vaults:3 | Reached XP level 22. HP: 168/168 MP: 29/33
 61405 | Vaults:3 | Found Lemuiceg's Antique Weapon Shoppe.
 61770 | Vaults:4 | Reached skill level 17 in Unarmed Combat
 62210 | Vaults:4 | Reached skill level 18 in Unarmed Combat
 62980 | D:13     | Killed Rupert
 63108 | Elf:1    | Entered Level 1 of the Elven Halls
 63200 | Elf:1    | Found a flickering gateway to a bazaar.
 63212 | Bazaar   | Entered a bazaar
 63225 | Bazaar   | Found Ilock's Distillery.
 63260 | Bazaar   | Found Deanaesui's Distillery.
 63288 | Bazaar   | Found Fonefeatt's Gadget Emporium.
 63314 | Bazaar   | Found Dipt's Gadget Emporium.
 63405 | Bazaar   | Bought a potion of heal wounds for 85 gold pieces
 63405 | Bazaar   | Bought a potion of heal wounds for 85 gold pieces
 63405 | Bazaar   | Bought a potion of agility for 68 gold pieces
 63405 | Bazaar   | Bought 2 potions of curing for 102 gold pieces
 63435 | Bazaar   | Bought a potion of heal wounds for 45 gold pieces
 63435 | Bazaar   | Bought a potion of agility for 36 gold pieces
 63435 | Bazaar   | Bought a potion of mutation for 72 gold pieces
 63435 | Bazaar   | Bought 3 potions of agility for 108 gold pieces
 63435 | Bazaar   | Bought a potion of curing for 27 gold pieces
 63435 | Bazaar   | Bought a potion of curing for 27 gold pieces
 63435 | Bazaar   | Bought a potion of curing for 27 gold pieces
 63435 | Bazaar   | Bought a potion of brilliance for 36 gold pieces
 63662 | Elf:1    | Reached skill level 19 in Unarmed Combat
 63809 | Elf:1    | Reached XP level 23. HP: 174/174 MP: 34/34
 64447 | Elf:2    | Paralysed by a floating eye for 4 turns
 64467 | Elf:2    | Found Heqatokk's Armour Shop.
 64584 | Elf:2    | Reached skill level 10 in Transmutations
 64820 | Elf:2    | Found a runed gate.
 64820 | Elf:2    | Found a runed gate.
 64820 | Elf:2    | Found a runed gate.
 65067 | Elf:3    | Entered Level 3 of the Elven Halls
 65079 | Elf:3    | Found an ancient bone altar of Kikubaaqudgha.
 65178 | Elf:3    | Reached skill level 12 in Earth Magic
 65228 | Elf:3    | Noticed Nikola
 65238 | Elf:3    | Killed Nikola
 65240 | Elf:3    | p0werm0de: yeye what is an octopodes purpose in elven halls...
 65245 | Elf:3    | MackTheKnife: R I N G S
 65245 | Elf:3    | p0werm0de: sure
 65404 | Elf:3    | Reached skill level 11 in Transmutations
 65668 | Elf:3    | Got a jewelled short sword {drain}
 65970 | Elf:3    | Got a polished lajatang {venom}
 65999 | Elf:3    | MackTheKnife: does shroud work with statue?
 66002 | Elf:3    | Learned a level 2 spell: Song of Slaying
 66024 | Elf:3    | Cast into level 2 of the Abyss (a deep elf demonologist)
 66040 | Abyss:2  | p0werm0de: ye
 66041 | Abyss:2  | MackTheKnife: sweet
 66042 | Abyss:2  | p0werm0de: but not sure if its worth it
 66043 | Abyss:2  | Found a runed door.
 66063 | Abyss:2  | p0werm0de: song of slaying is good;P
 66065 | Abyss:2  | p0werm0de: stand in doorway and tab
 66065 | Abyss:2  | MackTheKnife: hehe yea
 66089 | Abyss:2  | p0werm0de: yea shroud is good vs single big dmg attacks i guess
 66090 | Abyss:2  | p0werm0de: like juggernaut etc
 66110 | Abyss:2  | p0werm0de: i mostly dont use it though
 66364 | Abyss:2  | Reached skill level 13 in Earth Magic
 66376 | Abyss:2  | Paralysed by a great orb of eyes for 3 turns
 66476 | Abyss:2  | Reached skill level 12 in Transmutations
 66505 | Elf:3    | Escaped the Abyss
 66519 | Elf:3    | Got a bone mace {freeze}
 66612 | Elf:3    | Got a transparent pewter ring
 66732 | Elf:3    | Got a transparent jade ring
 66734 | Elf:3    | Identified the ring of Coar {Wiz rC+ Dex+10} (You took it off a deep elf archer on level 3 of the Elven Halls)
 66736 | Elf:3    | Identified the ring of the Rabble {Str+3 Int+4} (You took it off a deep elf archer on level 3 of the Elven Halls)
 66745 | Elf:3    | Got a glittering lead ring
 66757 | Elf:3    | Identified the ring "Kahees" {*Tele Str+4 Dex+4} (You took it off a deep elf mage on level 3 of the Elven Halls)
 66788 | Elf:3    | Reached skill level 1 in Charms
 66788 | Elf:3    | Reached skill level 1 in Translocations
 66797 | Elf:3    | Reached skill level 1 in Necromancy
 66798 | Elf:3    | Reached skill level 2 in Translocations
 66821 | Elf:3    | Reached skill level 2 in Charms
 66824 | Elf:3    | Reached skill level 3 in Translocations
 66824 | Elf:3    | Reached XP level 24. HP: 180/180 MP: 25/34
 66835 | Elf:3    | Reached skill level 2 in Necromancy
 66843 | Elf:3    | Got a fine scimitar {elec}
 66925 | Elf:3    | Learned a level 5 spell: Lee's Rapid Deconstruction
 66969 | Elf:3    | Learned a level 4 spell: Petrify
 67014 | Elf:3    | Identified the Tome of Ashen Evil
 67268 | Depths:1 | Entered Level 1 of the Depths
 67562 | Depths:1 | Found a corrupted altar of Lugonu.
 67562 | Depths:1 | Found a one-way gate to the infinite horrors of the Abyss.
 67572 | Depths:1 | Found a gateway to Hell.
 68099 | Depths:1 | Noticed an ancient lich
 68697 | Swamp:4  | Killed the 27-headed Lernaean hydra
 68917 | Swamp:4  | Got a decaying rune of Zot
 69419 | Orc:1    | Bought a potion of might for 64 gold pieces
 69419 | Orc:1    | Bought a potion of might for 64 gold pieces
 69419 | Orc:1    | Bought a potion of haste for 160 gold pieces
 69419 | Orc:1    | Bought a potion of agility for 64 gold pieces
 69589 | D:5      | Bought a meat ration for 65 gold pieces
 69589 | D:5      | Bought a meat ration for 65 gold pieces
 69589 | D:5      | Bought a meat ration for 65 gold pieces
 69589 | D:5      | Bought a meat ration for 65 gold pieces
 69589 | D:5      | Bought a meat ration for 65 gold pieces
 69589 | D:5      | Bought 2 royal jellies for 52 gold pieces
 69589 | D:5      | Bought a royal jelly for 26 gold pieces
 69589 | D:5      | Bought a royal jelly for 26 gold pieces
 69589 | D:5      | Bought a bread ration for 65 gold pieces
 69589 | D:5      | Bought a fruit for 19 gold pieces
 69832 | Depths:1 | Reached skill level 16 in Dodging
 69878 | Depths:1 | Killed an ancient lich
 69878 | Depths:1 | Reached skill level 20 in Fighting
 69913 | Depths:1 | Identified the Guide on Black Rites
 70526 | Depths:2 | Found Yfrecewy's General Store.
 70542 | Depths:2 | Found Qiamicw's Food Shop.
 70565 | Depths:2 | Found Diqomol's Armour Shop.
 70645 | Depths:2 | Reached skill level 17 in Dodging
 71068 | Depths:3 | Reached XP level 25. HP: 190/190 MP: 34/34
 71320 | Depths:3 | Found Boecluh's Gadget Emporium.
 71554 | Depths:3 | Found a runed door.
 71554 | Depths:3 | Found a runed door.
 71636 | Depths:3 | Reached skill level 21 in Fighting
 72207 | Depths:3 | Learned a level 2 spell: Blink
 72367 | Depths:3 | Found a runed door.
 72409 | Depths:3 | Reached skill level 18 in Dodging
 72426 | Depths:3 | Paralysed by a floating eye for 2 turns
 72552 | Depths:4 | Noticed Mara
 72558 | Depths:4 | Noticed Jorgrun
 72570 | Depths:4 | Killed Mara
 72572 | Depths:4 | Killed Jorgrun
 72898 | Vaults:2 | Bought a scroll of amnesia for 49 gold pieces
 72898 | Vaults:2 | Bought a scroll of holy word for 105 gold pieces
 73188 | Depths:4 | Found a gateway to a ziggurat.
 73197 | Depths:4 | Reached skill level 11 in Spellcasting
 73575 | Depths:4 | Reached skill level 14 in Earth Magic
 73630 | Depths:4 | Reached XP level 26. HP: 200/200 MP: 16/34
 73699 | Depths:4 | Reached skill level 12 in Spellcasting
 73785 | Depths:4 | Learned a level 9 spell: Shatter
 73888 | Depths:4 | Identified Further Steps in Thaumaturgy
 74113 | Depths:4 | Noticed Xtahua
 74123 | Depths:4 | Killed Xtahua
 74220 | Depths:5 | Entered Level 5 of the Depths
 74240 | Depths:5 | Reached skill level 15 in Earth Magic
 74255 | Depths:5 | Reached skill level 13 in Spellcasting
 74644 | Depths:5 | Found a gate to the Realm of Zot.
 75424 | Vaults:4 | Reached skill level 16 in Earth Magic
 75453 | Vaults:5 | Entered Level 5 of the Vaults
 75502 | Vaults:5 | Reached skill level 14 in Spellcasting
 75578 | Vaults:5 | Found Ohorits's Antique Weapon Shoppe.
 75674 | Vaults:5 | Noticed B1inky's ghost (legendary OpMo)
 75675 | Vaults:5 | Reached XP level 27. HP: 206/206 MP: 34/37
 75728 | Vaults:5 | Killed B1inky's ghost
 75895 | Vaults:5 | Reached skill level 17 in Earth Magic
 75976 | Vaults:5 | Found Ysam Neth's Gadget Boutique.
 75976 | Vaults:5 | Found Teub's Antique Armour Shoppe.
 75989 | Vaults:5 | Reached skill level 15 in Spellcasting
 76091 | Vaults:5 | Found Sasaub's General Store.
 76091 | Vaults:5 | Found Yroa's Book Shoppe.
 76233 | Vaults:5 | Learned a level 6 spell: Deflect Missiles
 76257 | Vaults:5 | Reached skill level 1 in Air Magic
 76272 | Vaults:5 | Reached skill level 2 in Air Magic
 76283 | Vaults:5 | Reached skill level 3 in Air Magic
 76359 | Vaults:5 | Reached skill level 4 in Air Magic
 76409 | Vaults:5 | Noticed an ancient lich
 76426 | Vaults:5 | Killed an ancient lich
 76448 | Vaults:5 | Reached skill level 5 in Air Magic
 76465 | Vaults:5 | Noticed an ancient lich
 76498 | Vaults:5 | Killed an ancient lich
 76498 | Vaults:5 | Reached skill level 16 in Spellcasting
 76508 | Vaults:5 | Found Likhesoh's Food Boutique.
 76521 | Vaults:5 | Reached skill level 6 in Air Magic
 76534 | Vaults:5 | Got a silver rune of Zot
 76555 | Vaults:5 | Found Iprassat's Distillery.
 76566 | Vaults:5 | Bought a potion of might for 60 gold pieces
 76566 | Vaults:5 | Bought a potion of might for 60 gold pieces
 76566 | Vaults:5 | Bought a potion of resistance for 150 gold pieces
 76566 | Vaults:5 | Bought a potion of heal wounds for 75 gold pieces
 76566 | Vaults:5 | Bought a potion of curing for 45 gold pieces
 76566 | Vaults:5 | Bought a potion of haste for 150 gold pieces
 76568 | Vaults:5 | Bought a potion of magic for 120 gold pieces
 76568 | Vaults:5 | Bought a potion of heal wounds for 75 gold pieces
 76575 | Vaults:5 | Found Fozoovul's Magic Scroll Shoppe.
 76580 | Vaults:5 | Bought a scroll of magic mapping for 59 gold pieces
 76580 | Vaults:5 | Bought a scroll of magic mapping for 59 gold pieces
 76580 | Vaults:5 | Bought a scroll of teleportation for 51 gold pieces
 76932 | Depths:5 | Reached skill level 7 in Air Magic
 76944 | Zot:1    | Entered Level 1 of the Realm of Zot
 76973 | Zot:1    | Noticed an orb of fire
 77010 | Zot:1    | Reached skill level 8 in Air Magic
 77141 | Zot:1    | Reached skill level 9 in Air Magic
 77150 | Zot:1    | Lost mutation: You possess an exceptional clarity of mind. [an orb of fire]
 77161 | Zot:1    | Killed an orb of fire
 77235 | Zot:1    | Reached skill level 18 in Earth Magic
 77952 | Zot:2    | Got a twisted hand axe
 78327 | Zot:2    | Reached skill level 19 in Earth Magic
 78655 | Zot:3    | p0werm0de: gogo extende
 78657 | Zot:3    | Reached skill level 20 in Earth Magic
 78677 | Zot:2    | MackTheKnife: :x
 78783 | Zot:2    | p0werm0de: shatter!
 78783 | Zot:2    | MackTheKnife: almost online
 78783 | Zot:2    | p0werm0de: nice
 78783 | Zot:2    | MackTheKnife: lunch, be back later
 78783 | Zot:2    | MackTheKnife: or maybe not
 78783 | Zot:2    | p0werm0de: kk
 78783 | Zot:2    | MackTheKnife: see you anyway :)
 78783 | Zot:2    | p0werm0de: cya
 78984 | Zot:3    | Reached skill level 21 in Earth Magic
 79881 | Zot:4    | Reached skill level 17 in Spellcasting
 80072 | Zot:4    | Reached skill level 22 in Earth Magic
 80418 | Zig:1    | Entered Level 1 of a ziggurat
 80448 | Zig:2    | Entered Level 2 of a ziggurat
 80487 | Zig:3    | Entered Level 3 of a ziggurat
 80516 | Zig:3    | Identified the Collected Works on Creative Translocation
 80526 | Zig:3    | Got a bloodstained rapier
 80538 | Zig:4    | Entered Level 4 of a ziggurat
 80579 | Zig:4    | Got a jewelled hunting sling
 80588 | Zig:5    | Entered Level 5 of a ziggurat
 80635 | Zig:6    | Entered Level 6 of a ziggurat
 80679 | Zig:6    | Got an ancient mace
 80690 | Zig:7    | Entered Level 7 of a ziggurat
 80727 | Zig:7    | Identified Sif Muna's Collected Works on Changing
 80750 | Zig:8    | Entered Level 8 of a ziggurat
 80777 | Zig:8    | Got a distressingly furry hat
 80778 | Zig:8    | Identified the +0 hat of the Lotus Blossom {rElec SInv Stlth+} (You found it on level 8 of a ziggurat)
 80783 | Zig:8    | Got a pitted steel ring
 80795 | Zig:8    | Identified the ring of the Dropbear {Str+3 SInv} (You found it on level 8 of a ziggurat)
 80829 | Zig:9    | Entered Level 9 of a ziggurat
 80841 | Zig:9    | Reached skill level 18 in Spellcasting
 80868 | Zig:9    | Got a fine short sword
 80959 | Zig:10   | Entered Level 10 of a ziggurat
 80979 | Zig:10   | Identified the Handbook of Flight
 80991 | Zig:10   | Identified Ekhlizon's Guide on Supportive Lightness
 80996 | Zig:10   | Got a pitted double sword
 81065 | Zig:11   | Entered Level 11 of a ziggurat
 81077 | Zig:11   | Reached skill level 23 in Earth Magic
 81088 | Zig:11   | Identified the Incunabulum of Cloudy Creation
 81101 | Zig:11   | Learned a level 8 spell: Lehudib's Crystal Spear
 81193 | Zig:12   | Entered Level 12 of a ziggurat
 81203 | Zig:12   | Noticed sergedm's ghost (veteran DECj)
 81214 | Zig:13   | Entered Level 13 of a ziggurat
 81243 | Zig:13   | Noticed Bomi Lan the pandemonium lord
 81247 | Zig:13   | Reached skill level 19 in Spellcasting
 81256 | Zig:13   | Killed Bomi Lan the pandemonium lord
 81264 | Zig:13   | HP: 31/206 [Ice Fiend (26)]
 81534 | Zig:14   | Entered Level 14 of a ziggurat
 81549 | Zig:14   | Reached skill level 22 in Fighting
 81562 | Zig:14   | Got a sparkling steel ring
 81566 | Zig:14   | Got an ancient flail
 81572 | Zig:14   | Identified the ring "Ephuedih" {*Slow rPois rC+ rN+} (You found it on level 14 of a ziggurat)
 81600 | Zig:15   | Entered Level 15 of a ziggurat
 81800 | Zig:15   | Got a sparkling brass ring
 81803 | Zig:15   | Got a clouded ivory ring
 81820 | Zig:15   | Identified the ring "Forget-Me-Not" {Wiz rC+ Str+2} (You found it on level 15 of a ziggurat)
 81821 | Zig:15   | Identified the ring of Elyvilon's Hatred {Fire rElec Str-3 Dex+8 Stlth-} (You found it on level 15 of a ziggurat)
 81852 | Zig:15   | Got a dazzling hunting sling
 81855 | Zig:15   | Identified the +1 hunting sling "Ogrebane" {venom, rN+ MR+ Int+3 Dex+2} (You found it on level 15 of a ziggurat)
 81882 | Zig:16   | Entered Level 16 of a ziggurat
 81895 | Zig:16   | Reached skill level 23 in Fighting
 81933 | Zig:16   | Identified Fies's Easy Wizardry
 81977 | Zig:17   | Entered Level 17 of a ziggurat
 81995 | Zig:17   | Noticed Sistrisur the pandemonium lord
 82005 | Zig:17   | Reached skill level 24 in Fighting
 82029 | Zig:17   | Killed Sistrisur the pandemonium lord
 82179 | Zig:17   | Identified Casting Continued
 82190 | Zig:17   | Got an iridescent hunting sling
 82200 | Zig:17   | Got a slimy steel ring
 82201 | Zig:17   | Identified the ring "Osexin" {Dex+6 SInv} (You found it on level 17 of a ziggurat)
 82223 | Zig:18   | Entered Level 18 of a ziggurat
 82234 | Zig:18   | Noticed a juggernaut
 82235 | Zig:18   | Noticed a juggernaut
 82235 | Zig:18   | Noticed a juggernaut
 82236 | Zig:18   | Noticed a juggernaut
 82237 | Zig:18   | Noticed a juggernaut
 82238 | Zig:18   | Noticed a juggernaut
 82239 | Zig:18   | Killed a juggernaut
 82240 | Zig:18   | Killed a juggernaut
 82241 | Zig:18   | Killed a juggernaut
 82243 | Zig:18   | HP: 49/216 [troll (12)]
 82248 | Zig:18   | HP: 26/216 [juggernaut (16)]
 82524 | Depths:4 | Reached skill level 25 in Fighting
 82881 | Lair:6   | Found a staircase to the Slime Pits.
 82925 | Slime:1  | Entered Level 1 of the Pits of Slime
 82977 | Slime:2  | Gained mutation: Your body sometimes deteriorates upon taking damage. [a shining eye]
 83149 | Slime:4  | Gained mutation: You are dopey. (Int -2) [a shining eye]
 83181 | Slime:5  | Entered Level 5 of the Pits of Slime
 83236 | Slime:5  | Noticed the Royal Jelly
 83246 | Slime:4  | Gained mutation: You are very dopey. (Int -4) [a shining eye]
 83246 | Slime:4  | Gained mutation: You are frail. (-10% HP) [a shining eye]
 83262 | Slime:4  | Lost mutation: Your body sometimes deteriorates upon taking damage. [potion of mutation]
 83262 | Slime:4  | Lost mutation: You are frail. (-10% HP) [potion of mutation]
 83262 | Slime:4  | Lost mutation: You are very dopey. (Int -4) [potion of mutation]
 83262 | Slime:4  | Lost mutation: Your spells are a little harder to cast, but a little more powerful. [potion of mutation]
 83262 | Slime:4  | Lost mutation: You are dopey. (Int -2) [potion of mutation]
 83262 | Slime:4  | Gained mutation: Your system is resistant to poisons. (rPois) [potion of mutation]
 83262 | Slime:4  | Gained mutation: You are weak. (Str -2) [potion of mutation]
 83262 | Slime:4  | Gained mutation: You are robust. (+10% HP) [potion of mutation]
 83475 | Slime:5  | Reached skill level 26 in Fighting
 83546 | Slime:5  | Found a viscous altar of Jiyva.
 83551 | Slime:5  | Identified a scroll of acquirement
 85260 | Slime:5  | Killed the Royal Jelly
 85345 | Slime:5  | Got a slimy bronze ring
 85346 | Slime:5  | Identified the ring "Coilow" {Ice +Fly} (You acquired it on level 5 of the Pits of Slime)
 85350 | Slime:5  | Got a slimy rune of Zot
 85380 | Slime:5  | Identified the Reference Book on Ashen Boosts
 85896 | Crypt:1  | Entered Level 1 of the Crypt
 86074 | Crypt:1  | Noticed Aizul
 86088 | Crypt:1  | Killed Aizul
 86849 | Crypt:2  | Reached skill level 27 in Fighting
 87205 | Crypt:2  | Reached skill level 12 in Stealth
 87233 | Crypt:3  | Entered Level 3 of the Crypt
 87257 | Crypt:3  | Noticed an ancient lich
 87431 | Crypt:3  | Killed an ancient lich
 87431 | Crypt:3  | Reached skill level 13 in Stealth
 87575 | Crypt:3  | Found a basalt altar of Yredelemnul.
 87606 | Crypt:3  | Noticed Jory
 87609 | Crypt:3  | Reached skill level 14 in Stealth
 87619 | Crypt:3  | Killed Jory
 87733 | Crypt:3  | Reached skill level 20 in Unarmed Combat
 88066 | Crypt:3  | Found a staircase to the Tomb.
 88235 | Crypt:3  | Reached skill level 15 in Stealth
 88277 | Crypt:3  | Identified the Papyrus of Malediction
 88921 | Zot:5    | Entered Level 5 of the Realm of Zot
 89314 | Zot:5    | Noticed an orb of fire
 89330 | Zot:5    | Reached skill level 16 in Stealth
 89349 | Zot:5    | Killed an orb of fire
 89363 | Zot:5    | Noticed an orb of fire
 89373 | Zot:5    | Gained mutation: You tend to lose your temper in combat. [an orb of fire]
 89375 | Zot:5    | Killed an orb of fire
 89383 | Zot:5    | Reached skill level 17 in Stealth
 89539 | Zot:5    | Reached skill level 21 in Unarmed Combat
 89561 | Zot:5    | Noticed an orb of fire
 89569 | Zot:5    | Noticed an orb of fire
 89576 | Zot:5    | Gained mutation: Your body sometimes deteriorates upon taking damage. [an orb of fire]
 89578 | Zot:5    | Killed an orb of fire
 89581 | Zot:5    | Gained mutation: You expend magic power (3 MP) to strengthen your wands. [an orb of fire]
 89582 | Zot:5    | Lost mutation: You are weak. (Str -2) [an orb of fire]
 89585 | Zot:5    | Killed an orb of fire
 89641 | Zot:5    | Noticed an orb of fire
 89647 | Zot:5    | Gained mutation: Your spells are a little easier to cast, but a little less powerful. [an orb of fire]
 89648 | Zot:5    | Gained mutation: Your magical capacity is very low. (-20% MP) [an orb of fire]
 89649 | Zot:5    | Gained mutation: Scrolls take you a little longer to read. [an orb of fire]
 89651 | Zot:5    | Gained mutation: Your magical capacity is extremely low. (-30% MP) [an orb of fire]
 89652 | Zot:5    | Killed an orb of fire
 89654 | Zot:5    | Lost mutation: Scrolls take you a little longer to read. [potion of mutation]
 89654 | Zot:5    | Lost mutation: Your magical capacity is extremely low. (-30% MP) [potion of mutation]
 89654 | Zot:5    | Lost mutation: Your system is resistant to poisons. (rPois) [potion of mutation]
 89654 | Zot:5    | Lost mutation: Your magical capacity is very low. (-20% MP) [potion of mutation]
 89654 | Zot:5    | Lost mutation: You tend to lose your temper in combat. [potion of mutation]
 89654 | Zot:5    | Gained mutation: You have a beak for a mouth. [potion of mutation]
 89654 | Zot:5    | Gained mutation: You possess an exceptional clarity of mind. [potion of mutation]
 89654 | Zot:5    | Gained mutation: Your muscles are strong. (Str +2) [potion of mutation]
 89671 | Zot:5    | Noticed an orb of fire
 89680 | Zot:5    | Gained mutation: One of your tentacles bears a spike. [an orb of fire]
 89681 | Zot:5    | Killed an orb of fire
 89681 | Zot:5    | Reached skill level 22 in Unarmed Combat
 89935 | Zot:5    | Reached skill level 23 in Unarmed Combat
 89951 | Zot:5    | Noticed an orb of fire
 89972 | Zot:5    | Killed an orb of fire
 90036 | Zot:5    | Got the Orb of Zot
 90286 | D:15     | Noticed Tuacomes the pandemonium lord
 90758 | D:5      | Noticed Crazy Yiuf
 90922 | D:$      | Escaped with the Orb!

Vault maps used:
D:1:      dpeg_arrival_oval, minmay_misc_feat_hallway, minmay_misc_feat_rugged
D:2:      lemuel_coloured_pillars_altar, lexackson_kobold_supper
D:3:      kennysheep_slugbush, old_standard_altar
D:4:      gammafunk_temple_overflow_arena, corexii_corridor_pit,
          roderic_roman_lattice
D:5:      serial_shops, shop, first_bread, uniq_crazy_yiuf_cottage,
          uniq_prince_ribbit1
D:6:      temple_doors_cd
D:7:      nicolae_ru_great_annihilating_truth, serial_shops, shop, the_bakery
D:8:      grunt_gozag_breadcrumbs, gammafunk_temple_overflow_forgotten,
          serial_shops, kennysheep_mini
D:9:      palyth_temple_overflow_mages, nicolae_overflow_crystal_walls,
          erik_lair_dragon, st_stairs_9, fedhas_altar_fruit_tree, uniq_maurice
D:10:     david_orc_5, enter_trove_6
D:13:     david_vaults_4, serial_column_ruins, column_ruins_hut,
          column_ruins_open_tiny, column_ruins_grid_3, column_ruins_grid_3,
          column_ruins_open_tiny, column_ruins_grid_3, uniq_rupert,
          uniq_josephine
D:14:     serial_glass, glass_columns_a, glass_columns_a, minmay_hedge_maze
D:15:     gammafunk_depths_entry_grave, hangedman_decor_growths
Temple:   eino_wide_crystal_templ
Lair:1:   serial_bayou_shore_a, uniq_fannar
Lair:2:   basic_altar
Lair:3:   minmay_swamp_entry_reptiles, minmay_lair_oklob_chamber
Lair:4:   minmay_snake_entry_six_corridors, wad_woods_river_02,
          kennysheep_basilisk_garden, lemuel_fruit_fields, lemuel_fruit_fields
Lair:5:   gammafunk_lair_enchanted_lake, minmay_stone_trees_small
Lair:6:   minmay_lair_end_frog_pond, slime_altar_2,
          portal_ice_cave_demonic_guard
Swamp:1:  nicolae_swamp_fairy_circle
Swamp:2:  serial_swamp_ruin, evilmike_swamp_ruin_house_2,
          evilmike_swamp_ruin_rubble_1, evilmike_swamp_ruin_house_4
Swamp:3:  evilmike_swamp_ruin_house_1, swamp_pool2, uniq_louise, uniq_bai_suzhen
Swamp:4:  swamp_basic_johnstein, swamp_pool3, nicolae_swamp_treefoil,
          infiniplex_staircase_pool
Snake:1:  grunt_ministairs_3, spider_trap, uniq_asterion
Snake:2:  spider_trap, grunt_megastairs_1
Snake:3:  basic_altar
Snake:4:  minmay_snake_end_coiled, st_stairs_4
Slime:2:  nicolae_slime_welcoming_committee
Slime:4:  cheibrodos_slime_lost_civilization_7
Orc:1:    serial_shops, nicolae_shop_competitors_out_of_business,
          nicolae_shop_crystal, shop, sword_in_stone
Orc:2:    pf_orc_diabolical, special_room, basic_altar, uniq_donald
Elf:1:    minmay_elf_arrival_summoners, serial_shops, bzr_firewalk,
          hangedman_elven_crosses_minicolossus, grunt_megastairs_2
Elf:2:    serial_shops, shop, spider_trap, wad_floor_pattern_1,
          minmay_misc_feat_pillars
Elf:3:    minmay_elf_hall_not_hex, serial_co_window_serial, co_window_paths_a,
          co_window_corner_a, co_window_paths_a, co_window_corner_a,
          co_window_of_opportunity_a, co_window_corner_a, co_window_corner_a,
          co_window_paths_a, co_window_paths_a, co_window_corner_b,
          co_window_corner_b, co_window_broadway_a, co_window_4corner_a,
          glass_columns_a, basic_altar, uniq_nikola
Vaults:1: nicolae_vaults_what_the_h, v_rooms_6,
          ontoclasm_vaults_decontamination, hangedman_vaults_snaps,
          nicolae_vaults_shelves_hall, st_lines, portal_desolation_entry_garden
Vaults:2: hangedman_vaults_pinch, st_quartered_hall, vaults_mumra_lcd,
          nicolae_vaults_little_squares_3, ontoclasm_vaults_pinch, v_misc_15,
          v_misc_4, vaults_room_pool, grunt_vaults_funnel, serial_shops,
          shop_fountains
Vaults:3: st_cells, v_misc_27, nicolae_vaults_network_quinsquares,
          nicolae_vaults_big_ls, v_misc_16, ontoclasm_vaults_ring_small,
          grunt_vaults_twisty, hangedman_vaults_unwind, v_misc_3,
          minmay_crypt_entry_skeletal_spiral, ontoclasm_vaults_loading_screen,
          ontoclasm_vaults_twist, serial_shops, nicolae_shop_behind_doors,
          uniq_mennas
Vaults:4: ontoclasm_vaults_spin, vaults_standard_mumra_x, grunt_vaults_swirl,
          nicolae_vaults_minivaults, vaults_room_ringed_pool, v_misc_1,
          v_misc_25, ontoclasm_vaults_chip, vaults_mumra_hexcomb
Crypt:1:  grunt_crypt_arrival_guarded_gate, uniq_aizul
Crypt:2:  lemuel_freeze_loot_1
Crypt:3:  church_of_pain_bobbens
Depths:1: hangedman_coc_ice_floe, special_room, abyss_entry_flame_altar,
          serial_co_window_serial, co_window_corner_a, co_window_paths_a,
          co_window_paths_a, co_window_of_opportunity_a, co_window_paths_a,
          co_window_corner_ca, co_window_unsneaky_path_c, co_window_4corner_a,
          co_window_paths_d, glass_columns_a, glass_columns_a
Depths:2: evilmike_halls_of_destruction, serial_co_window_serial,
          co_window_cross_1, co_window_paths_a, co_window_of_opportunity_a,
          co_window_of_opportunity_a, co_window_paths_b, co_window_corner_b,
          co_window_2corner, co_window_corner_cb, co_window_2corner,
          co_window_paths_c, glass_columns_b, glass_columns_b, glass_columns_a,
          glass_columns_b, glass_columns_a, serial_shops, shop, shop,
          shop_coins, hell_entry
Depths:3: minmay_the_grid_triangle_9x9_rhombus_full, serial_shops, shop,
          hangedman_tar_grid_catacomb, rand_demon_pan_entry_9,
          serial_bayou_lagoon_a
Depths:4: hangedman_six_sided_sadism, enter_ziggurat_b, lightli_too_deep,
          serial_sigils_hangedman_gnaw, abyss_entry,
          infiniplex_staircase_zigzag_4, uniq_mara, uniq_xtahua, uniq_jorgrun
Depths:5: grunt_zot_entry_alcove, pf_vacation_house_of_asmodeus,
          hangedman_abyss_or_decor_slice, kb_rosetta, serial_bayou_shore_b
Zot:1:    kennysheep_oblong_rooms, st_stairs_9
Zot:3:    lemuel_halls_of_wrath, kennysheep_underground_church,
          grunt_megastairs_3
Zot:4:    basic_stair_grate_trap
Abyss:2:  bh_abyss_exit_spiral
Abyss:3:  hangedman_decor_lopped, minivault_13
Zig:10:   ziggurat_pillar_centre_c
Zig:15:   ziggurat_pillar_centre_oklobs
Bazaar:   dpeg_bazaar_wands

Skill      XL: |  1  2  3  4  5  6  7  8  9 10 11 12 13 14 15 16 17 18 19 20 21 22 23 24 25 26 27 |
---------------+----------------------------------------------------------------------------------+-----
Stealth        | 2 3 4 6 8 11 17 | 17.0
Fighting       | 2 3 4 5 6 7 8 9 10 11 14 17 19 20 21 27 | 27.0
Dodging        | 4 5 6 8 9 12 13 15 17 18 | 18.4
Spellcasting   | 3 4 6 7 9 10 11 14 19 | 19.1
Conjurations   | 3 4 7 9 11 12 | 12.3
Short Blades   | 6 |  6.0
Poison Magic   | 9 10 | 10.6
Evocations     | 6 |  6.0
Earth Magic    | 8 10 11 13 14 16 23 | 23.4
Transmutations | 6 9 12 | 12.0
Unarmed Combat | 7 12 13 16 19 23 | 23.7
Charms         | 2 |  2.5
Translocations | 3 |  3.6
Necromancy     | 1 2 |  2.4
Air Magic      | 9 |  9.1

Action                   |  1- 3 |  4- 6 |  7- 9 | 10-12 | 13-15 | 16-18 | 19-21 | 22-24 | 25-27 || total
-------------------------+-------+-------+-------+-------+-------+-------+-------+-------+-------++-------
Melee: Short sword       |    98 |   152 |   179 |   196 |   400 |       |       |       |       ||  1025
       Constrict         |    20 |    33 |    39 |    28 |    76 |   113 |   137 |   165 |   307 ||   918
       Tentacles         |    15 |    21 |    35 |    40 |    80 |   189 |   259 |   261 |   744 ||  1644
       Kick              |       |       |       |     5 |   115 |    96 |       |       |    71 ||   287
       Demon whip        |       |       |       |       |    32 |   220 |       |       |       ||   252
       Unarmed           |       |       |       |       |       |   954 |  1211 |  1057 |  2416 ||  5638
       Punch             |       |       |       |       |       |    54 |   125 |   160 |   603 ||   942
       Staff             |       |       |       |       |       |       |       |     3 |     9 ||    12
       Peck              |       |       |       |       |       |       |       |       |    51 ||    51
Throw: Javelin           |       |       |       |       |    18 |     1 |       |       |       ||    19
 Cast: Magic Dart        |       |       |    21 |    54 |     4 |       |       |       |       ||    79
       Iskenderun's Myst |       |       |    19 |   317 |   366 |    34 |     3 |     8 |     8 ||   755
       Summon Small Mamm |       |       |     7 |       |       |       |       |       |       ||     7
       Fulminant Prism   |       |       |       |     5 |       |       |       |       |       ||     5
       Venom Bolt        |       |       |       |    32 |   139 |     3 |       |       |       ||   174
       Olgreb's Toxic Ra |       |       |       |     6 |    56 |       |       |       |       ||    62
       Mephitic Cloud    |       |       |       |       |     7 |    12 |       |       |       ||    19
       Iron Shot         |       |       |       |       |   108 |    80 |    20 |    16 |    38 ||   262
       Irradiate         |       |       |       |       |    23 |    42 |    21 |    19 |    30 ||   135
       Leda's Liquefacti |       |       |       |       |     2 |       |       |       |       ||     2
       Statue Form       |       |       |       |       |       |    94 |    99 |    99 |   178 ||   470
       Regeneration      |       |       |       |       |       |       |    17 |    27 |    79 ||   123
       Song of Slaying   |       |       |       |       |       |       |       |     2 |     2 ||     4
       Shatter           |       |       |       |       |       |       |       |       |    49 ||    49
       Lehudib's Crystal |       |       |       |       |       |       |       |       |    38 ||    38
       Deflect Missiles  |       |       |       |       |       |       |       |       |    14 ||    14
Invok: Sacrifice Essence |       |       |     1 |       |     1 |       |       |       |       ||     2
       Sacrifice an Eye  |       |       |       |     1 |       |       |       |       |       ||     1
       Draw Out Power    |       |       |       |     1 |     4 |       |     2 |       |       ||     7
       Sacrifice Love    |       |       |       |     1 |       |       |       |       |       ||     1
       Reject Sacrifices |       |       |       |     1 |       |       |       |       |       ||     1
       Sacrifice a Hand  |       |       |       |       |     1 |       |       |       |       ||     1
       Apocalypse        |       |       |       |       |     2 |       |     4 |     3 |     7 ||    16
 Abil: End Transformatio |       |       |       |       |       |     2 |     4 |     2 |    13 ||    21
       Evoke Flight      |       |       |       |       |       |       |       |     1 |     1 ||     2
Evoke: Wand              |     3 |    15 |    43 |    39 |    31 |    14 |     5 |     4 |     7 ||   161
       Fan of gales      |       |       |       |     1 |     2 |       |       |       |       ||     3
       Lamp of fire      |       |       |       |       |       |     1 |     3 |     4 |     3 ||    11
  Use: Scroll            |     2 |     8 |    12 |    19 |    25 |     6 |    13 |     5 |    37 ||   127
       Potion            |       |       |     3 |     4 |     6 |     4 |    10 |       |    27 ||    54
 Stab: Sleeping          |    14 |    11 |    18 |    10 |       |    15 |    23 |    19 |    22 ||   132
       Paralysed         |     1 |       |       |     2 |    20 |     9 |     4 |    11 |    17 ||    64
       Distracted        |       |       |       |     1 |     8 |     5 |    14 |    21 |    43 ||    92
       Invisible         |       |       |       |     4 |       |    16 |     2 |     5 |    19 ||    46
       Confused          |       |       |       |       |     3 |     9 |       |       |       ||    12
  Eat: Chunk             |     2 |     8 |    16 |    35 |    97 |    90 |    80 |    43 |    17 ||   388
       Bread ration      |       |     2 |     2 |     6 |     5 |     4 |     1 |     5 |    13 ||    38
       Fruit             |       |       |       |     8 |    24 |       |       |       |       ||    32
       Royal jelly       |       |       |       |     5 |     3 |       |     1 |     3 |     6 ||    18
       Meat ration       |       |       |       |     2 |     5 |     4 |       |       |     8 ||    19
Armor: Skin              |     5 |     7 |    11 |    10 |    22 |   790 |   702 |   409 |   955 ||  2911
Dodge: Dodged            |    53 |    93 |   155 |   234 |   468 |  1435 |  1493 |  1168 |  3497 ||  8596
       Deflected         |       |       |       |       |       |       |       |       |    99 ||    99

Vault maps used:
D:1:      dpeg_arrival_oval, minmay_misc_feat_hallway, minmay_misc_feat_rugged
D:2:      lemuel_coloured_pillars_altar, lexackson_kobold_supper
D:3:      kennysheep_slugbush, old_standard_altar
D:4:      gammafunk_temple_overflow_arena, corexii_corridor_pit,
          roderic_roman_lattice
D:5:      serial_shops, shop, first_bread, uniq_crazy_yiuf_cottage,
          uniq_prince_ribbit1
D:6:      temple_doors_cd
D:7:      nicolae_ru_great_annihilating_truth, serial_shops, shop, the_bakery
D:8:      grunt_gozag_breadcrumbs, gammafunk_temple_overflow_forgotten,
          serial_shops, kennysheep_mini
D:9:      palyth_temple_overflow_mages, nicolae_overflow_crystal_walls,
          erik_lair_dragon, st_stairs_9, fedhas_altar_fruit_tree, uniq_maurice
D:10:     david_orc_5, enter_trove_6
D:13:     david_vaults_4, serial_column_ruins, column_ruins_hut,
          column_ruins_open_tiny, column_ruins_grid_3, column_ruins_grid_3,
          column_ruins_open_tiny, column_ruins_grid_3, uniq_rupert,
          uniq_josephine
D:14:     serial_glass, glass_columns_a, glass_columns_a, minmay_hedge_maze
D:15:     gammafunk_depths_entry_grave, hangedman_decor_growths
Temple:   eino_wide_crystal_templ
Lair:1:   serial_bayou_shore_a, uniq_fannar
Lair:2:   basic_altar
Lair:3:   minmay_swamp_entry_reptiles, minmay_lair_oklob_chamber
Lair:4:   minmay_snake_entry_six_corridors, wad_woods_river_02,
          kennysheep_basilisk_garden, lemuel_fruit_fields, lemuel_fruit_fields
Lair:5:   gammafunk_lair_enchanted_lake, minmay_stone_trees_small
Lair:6:   minmay_lair_end_frog_pond, slime_altar_2,
          portal_ice_cave_demonic_guard
Swamp:1:  nicolae_swamp_fairy_circle
Swamp:2:  serial_swamp_ruin, evilmike_swamp_ruin_house_2,
          evilmike_swamp_ruin_rubble_1, evilmike_swamp_ruin_house_4
Swamp:3:  evilmike_swamp_ruin_house_1, swamp_pool2, uniq_louise, uniq_bai_suzhen
Swamp:4:  swamp_basic_johnstein, swamp_pool3, nicolae_swamp_treefoil,
          infiniplex_staircase_pool
Snake:1:  grunt_ministairs_3, spider_trap, uniq_asterion
Snake:2:  spider_trap, grunt_megastairs_1
Snake:3:  basic_altar
Snake:4:  minmay_snake_end_coiled, st_stairs_4
Slime:2:  nicolae_slime_welcoming_committee
Slime:4:  cheibrodos_slime_lost_civilization_7
Orc:1:    serial_shops, nicolae_shop_competitors_out_of_business,
          nicolae_shop_crystal, shop, sword_in_stone
Orc:2:    pf_orc_diabolical, special_room, basic_altar, uniq_donald
Elf:1:    minmay_elf_arrival_summoners, serial_shops, bzr_firewalk,
          hangedman_elven_crosses_minicolossus, grunt_megastairs_2
Elf:2:    serial_shops, shop, spider_trap, wad_floor_pattern_1,
          minmay_misc_feat_pillars
Elf:3:    minmay_elf_hall_not_hex, serial_co_window_serial, co_window_paths_a,
          co_window_corner_a, co_window_paths_a, co_window_corner_a,
          co_window_of_opportunity_a, co_window_corner_a, co_window_corner_a,
          co_window_paths_a, co_window_paths_a, co_window_corner_b,
          co_window_corner_b, co_window_broadway_a, co_window_4corner_a,
          glass_columns_a, basic_altar, uniq_nikola
Vaults:1: nicolae_vaults_what_the_h, v_rooms_6,
          ontoclasm_vaults_decontamination, hangedman_vaults_snaps,
          nicolae_vaults_shelves_hall, st_lines, portal_desolation_entry_garden
Vaults:2: hangedman_vaults_pinch, st_quartered_hall, vaults_mumra_lcd,
          nicolae_vaults_little_squares_3, ontoclasm_vaults_pinch, v_misc_15,
          v_misc_4, vaults_room_pool, grunt_vaults_funnel, serial_shops,
          shop_fountains
Vaults:3: st_cells, v_misc_27, nicolae_vaults_network_quinsquares,
          nicolae_vaults_big_ls, v_misc_16, ontoclasm_vaults_ring_small,
          grunt_vaults_twisty, hangedman_vaults_unwind, v_misc_3,
          minmay_crypt_entry_skeletal_spiral, ontoclasm_vaults_loading_screen,
          ontoclasm_vaults_twist, serial_shops, nicolae_shop_behind_doors,
          uniq_mennas
Vaults:4: ontoclasm_vaults_spin, vaults_standard_mumra_x, grunt_vaults_swirl,
          nicolae_vaults_minivaults, vaults_room_ringed_pool, v_misc_1,
          v_misc_25, ontoclasm_vaults_chip, vaults_mumra_hexcomb
Crypt:1:  grunt_crypt_arrival_guarded_gate, uniq_aizul
Crypt:2:  lemuel_freeze_loot_1
Crypt:3:  church_of_pain_bobbens
Depths:1: hangedman_coc_ice_floe, special_room, abyss_entry_flame_altar,
          serial_co_window_serial, co_window_corner_a, co_window_paths_a,
          co_window_paths_a, co_window_of_opportunity_a, co_window_paths_a,
          co_window_corner_ca, co_window_unsneaky_path_c, co_window_4corner_a,
          co_window_paths_d, glass_columns_a, glass_columns_a
Depths:2: evilmike_halls_of_destruction, serial_co_window_serial,
          co_window_cross_1, co_window_paths_a, co_window_of_opportunity_a,
          co_window_of_opportunity_a, co_window_paths_b, co_window_corner_b,
          co_window_2corner, co_window_corner_cb, co_window_2corner,
          co_window_paths_c, glass_columns_b, glass_columns_b, glass_columns_a,
          glass_columns_b, glass_columns_a, serial_shops, shop, shop,
          shop_coins, hell_entry
Depths:3: minmay_the_grid_triangle_9x9_rhombus_full, serial_shops, shop,
          hangedman_tar_grid_catacomb, rand_demon_pan_entry_9,
          serial_bayou_lagoon_a
Depths:4: hangedman_six_sided_sadism, enter_ziggurat_b, lightli_too_deep,
          serial_sigils_hangedman_gnaw, abyss_entry,
          infiniplex_staircase_zigzag_4, uniq_mara, uniq_xtahua, uniq_jorgrun
Depths:5: grunt_zot_entry_alcove, pf_vacation_house_of_asmodeus,
          hangedman_abyss_or_decor_slice, kb_rosetta, serial_bayou_shore_b
Zot:1:    kennysheep_oblong_rooms, st_stairs_9
Zot:3:    lemuel_halls_of_wrath, kennysheep_underground_church,
          grunt_megastairs_3
Zot:4:    basic_stair_grate_trap
Abyss:2:  bh_abyss_exit_spiral
Abyss:3:  hangedman_decor_lopped, minivault_13
Zig:10:   ziggurat_pillar_centre_c
Zig:15:   ziggurat_pillar_centre_oklobs
Bazaar:   dpeg_bazaar_wands

Table legend:
 A = Turns spent in this place as a percentage of turns spent in the entire game.
 B = Non-inter-level travel turns spent in this place as a percentage of non-inter-level travel turns spent in the entire game.
 C = Inter-level travel turns spent in this place as a percentage of turns spent in this place.
 D = Turns resting spent in this place as a percentage of non-inter-level travel turns spent in this place.
 E = Turns spent auto-exploring this place as a percentage of non-inter-level travel turns spent in this place.
 F = Non-inter-level travel turns spent in this place divided by the number of levels of this place that you've seen.
                   A       B       C       D       E      F
               +-------+-------+-------+-------+-------+----------------------
         Total | 100.0 | 100.0 |   0.7 |   3.3 |   4.5 | 448.0
       Dungeon |  20.8 |  20.6 |   1.3 |   3.3 |   5.9 | 493.1
        Temple |   0.2 |   0.2 |   1.6 |   0.0 |   3.3 |  60.0
          Lair |  14.9 |  14.8 |   1.0 |   6.5 |   1.9 | 885.0
         Swamp |   6.4 |   6.4 |   0.6 |   5.0 |   2.8 | 573.5
     Snake Pit |   6.8 |   6.8 |   0.4 |   3.6 |   5.3 | 613.5
    Slime Pits |   3.4 |   3.4 |   0.5 |   3.3 |   0.2 | 245.2
  Orcish Mines |   4.4 |   4.4 |   0.9 |   3.5 |   2.3 | 794.0
   Elven Halls |   4.8 |   4.8 |   0.2 |   0.6 |   8.7 | 571.7
        Vaults |  12.4 |  12.5 |   0.4 |   2.2 |   5.3 | 894.2
         Crypt |   3.2 |   3.2 |   0.6 |   1.2 |   9.0 | 377.3
        Depths |   8.4 |   8.4 |   0.7 |   1.3 |   7.0 | 602.0
           Zot |   6.8 |   6.8 |   0.6 |   2.1 |   5.9 | 485.0
         Abyss |   1.5 |   1.5 |   0.0 |   0.4 |   0.2 | 266.0
      Ziggurat |   3.6 |   3.7 |   0.0 |   4.0 |   0.1 |  73.1
        Bazaar |   0.4 |   0.4 |   0.0 |   0.0 |   3.3 | 152.0
    Desolation |   2.1 |   2.1 |   0.0 |   2.2 |   0.0 | 762.0
               +-------+-------+-------+-------+-------+----------------------

Table legend:
 A = Kills in this place as a percentage of kills in entire the game.
 B = Kills by you in this place as a percentage of kills by you in the entire game.
 C = Kills by friends in this place as a percentage of kills by friends in the entire game.
 D = Other kills in this place as a percentage of other kills in the entire game.
 E = Experience gained in this place as a percentage of experience gained in the entire game.
 F = Experience gained in this place divided by the number of levels of this place that you have seen.
                   A       B       C       D       E      F
               +-------+-------+-------+-------+-------+----------------------
         Total | 100.0 | 100.0 | 100.0 | 100.0 | 100.0 | 30290.3
       Dungeon |  12.8 |  12.3 | 100.0 |  15.7 |   3.2 | 5228.3
          Lair |   8.7 |   8.9 |   0.0 |   2.0 |   3.5 | 14259.3
         Swamp |   5.2 |   5.1 |   0.0 |  17.6 |   3.6 | 21751.5
     Snake Pit |   7.1 |   7.1 |   0.0 |   9.8 |   5.4 | 32919.8
    Slime Pits |   3.1 |   3.0 |   0.0 |   5.9 |   4.0 | 19385.2
  Orcish Mines |   4.2 |   4.3 |   0.0 |   3.9 |   0.9 | 11278.0
   Elven Halls |   5.1 |   5.1 |   0.0 |   5.9 |   5.2 | 42237.0
        Vaults |  16.4 |  16.5 |   0.0 |  13.7 |  18.8 | 91264.8
         Crypt |   4.8 |   4.9 |   0.0 |   0.0 |   4.9 | 39311.7
        Depths |  11.3 |  11.4 |   0.0 |   7.8 |  15.3 | 74030.8
           Zot |   7.8 |   7.9 |   0.0 |   7.8 |  19.7 | 95428.6
         Abyss |   1.6 |   1.6 |   0.0 |   2.0 |   1.1 | 13529.0
      Ziggurat |   9.8 |   9.9 |   0.0 |   5.9 |  12.9 | 17345.4
    Desolation |   1.9 |   1.9 |   0.0 |   2.0 |   1.4 | 33534.0
               +-------+-------+-------+-------+-------+----------------------
